Workbook
Name FrequencyList: '[1]Report Form'!$F$4:$F$8
Name PeriodList: '[1]Report Form'!$E$4:$E$76

Sheet بورصة عمان
B3: بورصة عمان | C3: رقم الجدول .Table No | D3: Amman Stock Exchange
B7: حجم التداول في بورصة عمان موزعا حسب القطاعات. ................................................................................................. | C7: 59a | D7: Value Traded at Amman Stock Exchange According to Sectors.................................................................................................
B8: حجم التداول في بورصة عمان موزعا حسب القطاعات. ................................................................................................. | C8: 59b | D8: Value Traded at Amman Stock Exchange According to Sectors.................................................................................................
B9: الرقم القياسي لاسعار الاسهم مرجحا بالقيمة السوقية للاسهم الحرة قطاعيا.................................................................................................. | C9: 60a | D9: Share Price Index Weighted by Market Capitalization of Free Float Shares by Sectors.................................................................................................
B10: الرقم القياسي لاسعار الاسهم مرجحا بالقيمة السوقية للاسهم الحرة قطاعيا.................................................................................................. | C10: 60b | D10: Share Price Index Weighted by Market Capitalization of Free Float Shares by Sectors.................................................................................................
B11: الرقم القياسي لاسعار الاسهم مرجحا بالقيمة السوقية لرأس المال.................................................................................................. | C11: 61 | D11: Share Price Index Weighted by Market Value of Capital..................................................................................................
B12: اربحية الشركات المساهمة العامة الاردنية.................................................................................................. | C12: 62a | D12: Profitability of Jordanian Public Shareholding Companies..................................................................................................
B13: اربحية الشركات المساهمة العامة الاردنية.................................................................................................. | C13: 62b | D13: Profitability of Jordanian Public Shareholding Companies..................................................................................................

Sheet 59a
B3: Financial Sector Statistics | E3: Table (59a) جدول | N3: إحصاءات القطاع المالي
I4: ** حجم التداول في بورصة عمان موزعا حسب القطاعات
C5: ** Value Traded at Amman Stock Exchange According to Sectors | P5: الف دينار JD Thousand
C7: القطاع المالي | H7: قطاع الخدمات
C8: Financial Sector | H8: Services Sector
C9: البنوك | D9: التأمين | E9: خدمات مالية متنوعة | F9: العقارات | G9: مجموع القطاع المالي | H9: الخدمات الصحية | I9: التعليم | J9: الفنادق والسياحة | K9: النقل | L9: التكنولوجيا والاتصالات | M9: الاعلام | N9: الطاقة والمنافع | O9: الخدمات التجارية | P9: مجموع قطاع الخدمات
C11: Banks | D11: Insurance | E11: Diversified Financial Services | F11: Real Estate | G11: Total of Finacial Sector | H11: Health Sector | I11: Educational Sector | J11: Hotels and Tourism | K11: Transp-ortation | L11: Technology and Commun-ication | M11: Media | N11: Utilities and Energy | O11: Commercial Sector | P11: Total of Services Sector
B12: الفترة Period
B13: 2004 | C13: 1692995.4 | D13: 43427 | E13: 401593.9 | F13: 265748.6 | G13: =SUM(C13:F13) -> 2403764.9 | H13: 51128.9 | I13: 25460.2 | J13: 39809.9 | K13: 44837.5 | L13: 64884.4 | M13: 15144.6 | N13: 114639.9 | O13: 24039 | P13: =SUM(H13:O13) -> 379944.4
B14: 2005 | C14: 6043405.2 | D14: 179878.4 | E14: 4744952.3 | F14: 2232453 | G14: =SUM(C14:F14) -> 13200689 | H14: 46046.6 | I14: 71817.7 | J14: 141850.9 | K14: 310442.1 | L14: 273179.6 | M14: 26351.8 | N14: 230774 | O14: 95457.9 | P14: =SUM(H14:O14) -> 1195920.6
B15: 2006 | C15: 2869730.6 | D15: 89033 | E15: 4218140.1 | F15: 4393297.9 | G15: =SUM(C15:F15) -> 11570202 | H15: 47103.2 | I15: 78905 | J15: 229598.8 | K15: 220259.1 | L15: 67149 | M15: 21729.1 | N15: 103599.8 | O15: 173845.9 | P15: =SUM(H15:O15) -> 942189.9
B16: 2007 | C16: 3411816.2 | D16: 419503.6 | E16: 2143445.7 | F16: 2780253 | G16: =SUM(C16:F16) -> 8755018.5 | H16: 168843.9 | I16: 250757.9 | J16: 221445.7 | K16: 426666.8 | L16: 143057.6 | M16: 43098.6 | N16: 209734.8 | O16: 218603.2 | P16: =SUM(H16:O16) -> 1682208.5
B17: 2008 | C17: 3229673.5 | D17: 502298.92 | E17: 2355595.9 | F17: 3551368.4 | G17: 9638936.8 | H17: 106342.55 | I17: 109841.85 | J17: 140456.33 | K17: 649268.8 | L17: 541038.52 | M17: 28765.892 | N17: 3359703 | O17: 486824.94 | P17: 5422241.9
B18: 2009 | C18: 947458.71 | D18: 463997.07 | E18: 1995528 | F18: 2937728.5 | G18: 6344712.2 | H18: 15124.849 | I18: 21889.51 | J18: 170760.18 | K18: 386276.93 | L18: 70962.302 | M18: 7760.56 | N18: 461790.54 | O18: 896281.02 | P18: 2030845.9
B19: 2010 | C19: 712823.21 | D19: 242227.5 | E19: 1556263.4 | F19: 1662798.5 | G19: 4174112.6 | H19: 11556.568 | I19: 8218.483 | J19: 220809.95 | K19: 338053.05 | L19: 32163.41 | M19: 9176.724 | N19: 89939.592 | O19: 1034745.7 | P19: 1744663.5
B20: 2011 | C20: 460084.1 | D20: 73111.1 | E20: 471056.3 | F20: 753099.4 | G20: 1757350.9 | H20: 5444.6 | I20: 7758.4 | J20: 142677.9 | K20: 130639.2 | L20: 18779.2 | M20: 9842.6 | N20: 108581.6 | O20: 152278.6 | P20: 576002.1
B21: 2012 | C21: 336108.6 | D21: 24079.7 | E21: 329930.3 | F21: 499360.5 | G21: 1189479.1 | H21: 7237.3 | I21: 4697.2 | J21: 73081.9 | K21: 166289.9 | L21: 13543.6 | M21: 4878.9 | N21: 70644 | O21: 63521 | P21: 403893.8
B22: 2013 | C22: 865959.88 | D22: 13705.8 | E22: 438276.4 | F22: 903497.1 | G22: 2221439.1 | H22: 3035.3 | I22: 14880.1 | J22: 71286.9 | K22: 182580.4 | L22: 17470.2 | M22: 3561.3 | N22: 45905.6 | O22: 69400.5 | P22: 408120.3
B23: 2014 | C23: 504556.5 | D23: 19925.758 | E23: 314298.81 | F23: 672065.32 | G23: 1510846.4 | H23: 13082.479 | I23: 8849.267 | J23: 65221.222 | K23: 158213.79 | L23: 16784.955 | M23: 1429.122 | N23: 50727.292 | O23: 59155.416 | P23: 373463.54
B24: 2015 | C24: 722636.28 | D24: 35617.731 | E24: 349133.47 | F24: 1233555.7 | G24: 2340943.2 | H24: 27539.493 | I24: 13337.828 | J24: 51026.569 | K24: 198697.52 | L24: 15302.848 | M24: 981.35 | N24: 110382.41 | O24: 312305.07 | P24: 729572.99
B25: 2016 | C25: 429811.4 | D25: 7857.57 | E25: 291884.22 | F25: 472554.67 | G25: 1202107.9 | H25: 9115.133 | I25: 42351.57 | J25: 48963.025 | K25: 163881.72 | L25: 7446.16 | M25: 1176.864 | N25: 80564.702 | O25: 70140.145 | P25: 423639.32
B26: 2017 | C26: 1260506.8 | D26: 21645.608 | E26: 310502.78 | F26: 302802.9 | G26: 1895458.1 | H26: 5330.859 | I26: 14547.413 | J26: 77915.775 | K26: 124131.76 | L26: 11655.051 | M26: 472.958 | N26: 87205.39 | O26: 53766.416 | P26: 375025.62
B27: 2018 | C27: 659126.42 | D27: 19375.962 | E27: 139255.36 | F27: 282247.82 | G27: 1100005.6 | H27: 6697.118 | I27: 13300.284 | J27: 38309.726 | K27: 49753.395 | L27: 21591.65 | M27: 139.375 | N27: 61804.032 | O27: 39435.707 | P27: 231031.29
B28: 2019 | C28: 528325.09 | D28: 21978.22 | E28: 154958.74 | F28: 334137.9 | G28: 1039399.9 | H28: 3230.961 | I28: 5261.432 | J28: 32802.689 | K28: 61202.391 | L28: 14059.998 | M28: 146.88 | N28: 101904.73 | O28: 38063.885 | P28: 256672.97
B29: 2020* | C29: 223741.32 | D29: 29383.596 | E29: 146626.09 | F29: 256316.84 | G29: 656067.84 | H29: 1326.607 | I29: 2763.646 | J29: 10691.896 | K29: 41420.934 | L29: 7133.879 | M29: 45.523 | N29: 104232.32 | O29: 42825.686 | P29: 210440.49
B30: 2021 | C30: 383526.04 | D30: 36482.295 | E30: 118446.77 | F30: 445112.45 | G30: 983567.55 | H30: 774.172 | I30: 9551.63 | J30: 10335.541 | K30: 59354.523 | L30: 19403.202 | M30: 0 | N30: 269847.07 | O30: 114903.74 | P30: 484169.88
B31: 2022 | C31: 449746.73 | D31: 68412.499 | E31: 89987.962 | F31: 224593.3 | G31: 832740.49 | H31: 3589.045 | I31: 3987.934 | J31: 7249.959 | K31: 12009.199 | L31: 96957.357 | M31: 0 | N31: 414990.77 | O31: 86167.735 | P31: 624952
B32: 2023 | C32: 232754.05 | D32: 34578.812 | E32: 115972.44 | F32: 159495.35 | G32: 542800.65 | H32: 616.138 | I32: 4253.816 | J32: 2867.463 | K32: 17363.264 | L32: 168545.89 | M32: 0 | N32: 241737.79 | O32: 11768.503 | P32: 447152.86
B33: 2024 | C33: 334082.25 | D33: 6527.238 | E33: 97517.842 | F33: 132419.32 | G33: 570546.66 | H33: 442.519 | I33: 7410.792 | J33: 4722.171 | K33: 30525.261 | L33: 125272.45 | M33: 0 | N33: 222287.37 | O33: 30184.177 | P33: 420844.74
B34: 2025 | C34: 679699.54 | D34: 20754.117 | E34: 50536.2 | F34: 186238.01 | G34: 937227.9 | H34: 1817.703 | I34: 4902.163 | J34: 8929.465 | K34: 19610.716 | L34: 178990.07 | M34: 0 | N34: 445559.57 | O34: 9373.604 | P34: 669183.29
B35: 2006
B36: 38899 | C36: 216755.3 | D36: 5024.9 | E36: 244288.8 | F36: 262714.2 | G36: =SUM(C36:F36) -> 728783.2 | H36: 4034.5 | I36: 6487 | J36: 42678.8 | K36: 8604.1 | L36: - | M36: 1098 | N36: 5087.1 | O36: 10846 | P36: =SUM(H36:O36) -> 78835.5
B37: 38930 | C37: 195791.5 | D37: 6429.6 | E37: 558392.2 | F37: 653860.8 | G37: =SUM(C37:F37) -> 1414474.1 | H37: 2390.1 | I37: 8640.3 | J37: 51635.6 | K37: 23528.8 | L37: - | M37: 865.8 | N37: 31620.8 | O37: 13930.1 | P37: =SUM(H37:O37) -> 132611.5
B38: 38961 | C38: 127900.8 | D38: 6931.3 | E38: 263019.6 | F38: 503530.7 | G38: =SUM(C38:F38) -> 901382.4 | H38: 3507.1 | I38: 12238.7 | J38: 19832 | K38: 38987.1 | L38: - | M38: 498.1 | N38: 9976.8 | O38: 25743.7 | P38: =SUM(H38:O38) -> 110783.5
B39: 38991 | C39: 95484.1 | D39: 4020.1 | E39: 204511.1 | F39: 328793.7 | G39: =SUM(C39:F39) -> 632809 | H39: 8377.8 | I39: 10303.9 | J39: 16182.2 | K39: 39524.9 | L39: 2511.8 | M39: 255.8 | N39: 3191.3 | O39: 23726.6 | P39: =SUM(H39:O39) -> 104074.3
B40: 39022 | C40: 104060.8 | D40: 4615.1 | E40: 184138.2 | F40: 375792.2 | G40: =SUM(C40:F40) -> 668606.3 | H40: 7649.5 | I40: 11738.9 | J40: 19608.8 | K40: 16343.6 | L40: 2738.3 | M40: 559.3 | N40: 4736.6 | O40: 19393.1 | P40: =SUM(H40:O40) -> 82768.1
B41: 39052 | C41: 176522 | D41: 3321 | E41: 95853.2 | F41: 256924.4 | G41: =SUM(C41:F41) -> 532620.6 | H41: 2476.8 | I41: 1591.2 | J41: 21868.9 | K41: 11549.5 | L41: 1642.1 | M41: 335.3 | N41: 2945.4 | O41: 14842.6 | P41: =SUM(H41:O41) -> 57251.8
B42: 2007
B43: 39083 | C43: 302697.1 | D43: 5904.6 | E43: 109772.5 | F43: 215550 | G43: =SUM(C43:F43) -> 633924.2 | H43: 5589.6 | I43: 4647.9 | J43: 12270 | K43: 35112.6 | L43: 4604.1 | M43: 1638.8 | N43: 11048.1 | O43: 11522.4 | P43: =SUM(H43:O43) -> 86433.5
B44: 39114 | C44: 602874.4 | D44: 5961 | E44: 214017.2 | F44: 345378.4 | G44: =SUM(C44:F44) -> 1168231 | H44: 43137 | I44: 7014.7 | J44: 19341.7 | K44: 60265.4 | L44: 7528.1 | M44: 1784.7 | N44: 23075.6 | O44: 12591.5 | P44: =SUM(H44:O44) -> 174738.7
B45: 39142 | C45: 435600.2 | D45: 14588.6 | E45: 198401.7 | F45: 202112 | G45: =SUM(C45:F45) -> 850702.5 | H45: 14882.1 | I45: 13800.4 | J45: 14991 | K45: 54561.7 | L45: 5675.6 | M45: 2319.4 | N45: 9093 | O45: 20798.4 | P45: =SUM(H45:O45) -> 136121.6
B46: 39173 | C46: 201861.7 | D46: 17347.5 | E46: 89737.6 | F46: 153470.7 | G46: =SUM(C46:F46) -> 462417.5 | H46: 37943.8 | I46: 11574.4 | J46: 49727.9 | K46: 50280.4 | L46: 13369.8 | M46: 2442.4 | N46: 5487.8 | O46: 6826.7 | P46: =SUM(H46:O46) -> 177653.2
B47: 39203 | C47: 184603.2 | D47: 28670.5 | E47: 76485.5 | F47: 254757.8 | G47: =SUM(C47:F47) -> 544517 | H47: 15036 | I47: 29551.2 | J47: 22068 | K47: 31738.8 | L47: 5609.3 | M47: 4321 | N47: 3582.4 | O47: 24677.8 | P47: =SUM(H47:O47) -> 136584.5
B48: 39234 | C48: 173464.1 | D48: 47289.3 | E48: 113264.7 | F48: 264397 | G48: =SUM(C48:F48) -> 598415.1 | H48: 17352.3 | I48: 85034.1 | J48: 14154 | K48: 51560.9 | L48: 4004.1 | M48: 2038.1 | N48: 10091.7 | O48: 18942 | P48: =SUM(H48:O48) -> 203177.2
B49: 39264 | C49: 482921.6 | D49: =66225.9+3297 -> 69522.9 | E49: 153102.1 | F49: 248512.9 | G49: =SUM(C49:F49) -> 954059.5 | H49: 5574 | I49: =33759+202.1 -> 33961.1 | J49: 16949.4 | K49: 22888.7 | L49: 3449.3 | M49: 6030.2 | N49: 4913.7 | O49: 16604.7 | P49: =SUM(H49:O49) -> 110371.1
B50: 39295 | C50: 91453.7 | D50: =68435.8+1484.8 -> 69920.6 | E50: =155825.2+1913.9 -> 157739.1 | F50: 153879 | G50: =SUM(C50:F50) -> 472992.4 | H50: 11308.7 | I50: 27976.3 | J50: 8774.7 | K50: =16875.4+230 -> 17105.4 | L50: 4754.1 | M50: 2461.8 | N50: 3287.2 | O50: 18990.8 | P50: =SUM(H50:O50) -> 94659
B51: 39326 | C51: 208750.1 | D51: 62025.8 | E51: 199791.5 | F51: 259784.5 | G51: =SUM(C51:F51) -> 730351.9 | H51: 6759.4 | I51: 14841.2 | J51: 9248.9 | K51: 16568.5 | L51: 3735.8 | M51: 2367.9 | N51: 2724.7 | O51: 15444.8 | P51: =SUM(H51:O51) -> 71691.2
B52: 39356 | C52: =301920.5+265+5000+3825 -> 311010.5 | D52: 40956.7 | E52: 334041 | F52: =306452.1+210+785.7+254+251+524+568+548.2+576+1470+1470+1450 -> 314559 | G52: =SUM(C52:F52) -> 1000567.2 | H52: 4393.8 | I52: 8709.3 | J52: 17966.5 | K52: 18072.3 | L52: =9626.3+208.3 -> 9834.6 | M52: 6978 | N52: 12535.9 | O52: =21172+1161.1 -> 22333.1 | P52: =SUM(H52:O52) -> 100823.5
B53: 39387 | C53: 228651.3 | D53: 35875.2 | E53: 341441.3 | F53: 225372.2 | G53: =SUM(C53:F53) -> 831340 | H53: 3304.5 | I53: 10535.9 | J53: 15412.6 | K53: 28488.1 | L53: 25087.9 | M53: 3762.2 | N53: 11322 | O53: =34555.8+969.9 -> 35525.7 | P53: =SUM(H53:O53) -> 133438.9
B54: 39417 | C54: 187928.2 | D54: 21441.1 | E54: 157013.1 | F54: 140934.9 | G54: =SUM(C54:F54) -> 507317.3 | H54: 3562.6 | I54: 3111.5 | J54: 20540.9 | K54: 40023.9 | L54: 55404.9 | M54: 6954.2 | N54: 112572.7 | O54: 14528.5 | P54: =SUM(H54:O54) -> 256699.2
B55: 2008
B56: 39448 | C56: =317342.6+618.4+3240+606+17.1 -> 321824.1 | D56: 23532.3 | E56: =190532.6+584+4350+594+936+1960+6075+2025+220.9+768.7+1890+2160+1290.6+0.9 -> 213387.7 | F56: =177899.9+423.3+348.6+1155+577.5+364.5+250+2856+208.8+232+249.8+249.8+234+236+236+650.7 -> 186171.9 | G56: =SUM(C56:F56) -> 744916 | H56: 9030 | I56: 18943.9 | J56: =8654.8+207.2+207.2+201.6+480 -> 9750.8 | K56: 24388.4 | L56: =96347.3+5250 -> 101597.3 | M56: 11666.1 | N56: =251291.9+1997.5 -> 253289.4 | O56: =19765.4+250+500+250+250+250 -> 21265.4 | P56: =SUM(H56:O56) -> 449931.3
B57: 39479 | C57: 137272.7 | D57: 27493.5 | E57: 153937 | F57: 264711.6 | G57: =SUM(C57:F57) -> 583414.8 | H57: 13532.4 | I57: 44330.7 | J57: 15963.2 | K57: 16053.3 | L57: 42865.7 | M57: 2094.9 | N57: 238887.9 | O57: 16905.3 | P57: =SUM(H57:O57) -> 390633.4
B58: 39508 | C58: =193391.9+4680+2400+227.5+1085.7+1245.3 -> 203030.4 | D58: 20410 | E58: 199502.7 | F58: 324756.9 | G58: =SUM(C58:F58) -> 747700 | H58: 15492.9 | I58: =11126.1+675.5+579 -> 12380.6 | J58: 13836.3 | K58: 167602.6 | L58: =80905.2+1890 -> 82795.2 | M58: 1873.6 | N58: =482534.9+303.2 -> 482838.1 | O58: 15471.7 | P58: =SUM(H58:O58) -> 792291
B59: 39539 | C59: 138718.9 | D59: 32804 | E59: 194820.8 | F59: 389928.6 | G59: =SUM(C59:F59) -> 756272.3 | H59: 13283.7 | I59: 2705 | J59: 7122.8 | K59: =144029.5+676.2 -> 144705.7 | L59: =54917.7+455 -> 55372.7 | M59: 986 | N59: =553315.8+630+315 -> 554260.8 | O59: =26881.3+707.4 -> 27588.7 | P59: =SUM(H59:O59) -> 806025.4
B60: 39569 | C60: =185362.127+3040+334.562 -> 188736.69 | D60: 60023.4 | E60: =220419.506+2562.3+959.4+236+531.3+508.2+582.5+745.6+371.49+353.5+387.75+787.25+354 -> 228798.8 | F60: =374193.718+2995.5+3200+817.5+1144.5+1379+1379+989+4935+679.528+3037.5+1350+1350+424.6+200.2+320+300+700+200.4+276.75+545 -> 400417.2 | G60: =SUM(C60:F60) -> 877976.08 | H60: =15570.695+207.5 -> 15778.195 | I60: 2760.494 | J60: =7159.048+202.5 -> 7361.548 | K60: 43225.273 | L60: =107135.282+492.5+674.5 -> 108302.28 | M60: 1221.709 | N60: =471663.904+1054.5+355 -> 473073.4 | O60: =42397.705+291+208.6 -> 42897.305 | P60: =SUM(H60:O60) -> 694620.21
B61: 39600 | C61: 495140.4 | D61: 84571.7 | E61: 467800.6 | F61: 631369.6 | G61: =SUM(C61:F61) -> 1678882.3 | H61: 14076.8 | I61: 8016.3 | J61: 23095.1 | K61: 115845 | L61: 76121.3 | M61: 3098.8 | N61: 599262 | O61: 105589 | P61: =SUM(H61:O61) -> 945104.3
B62: 39630 | C62: 719746.2 | D62: 73096.5 | E62: 274568.4 | F62: 343832.3 | G62: =SUM(C62:F62) -> 1411243.4 | H62: 13171.8 | I62: 6639.5 | J62: 20998.3 | K62: 38766.8 | L62: 23470.4 | M62: 2822.3 | N62: 379803.3 | O62: 85436.2 | P62: =SUM(H62:O62) -> 571108.6
B63: 39661 | C63: =212935.963+1111.95+16500 -> 230547.91 | D63: =67427.047 -> 67427.047 | E63: =216253.21+505.25+940+1237.5+615 -> 219550.96 | F63: =302562.347+501.2+1120+560+1100.35+1120+500.52+832+975+716.1+651.95+501+1225.2+624+1008+1100+545.4 -> 315643.07 | G63: =SUM(C63:F63) -> 833168.99 | H63: 4616.982 | I63: 2632.644 | J63: 17216.677 | K63: =35067.702+1028.139+1757.493+1131.858+2272.675 -> 41257.867 | L63: 11641.592 | M63: 949.797 | N63: 118823.76 | O63: =30609.023+16831.816+12563.235+14352.03+14352.03+2711.252 -> 91419.386 | P63: =SUM(H63:O63) -> 288558.71
B64: 39692 | C64: =163877.728+687.498+2386.8+510 -> 167462.03 | D64: =39699.3+547.5+0.2 -> 40247 | E64: =133860.3+1346.85+600+955.5+1690+1548+6550+1140 -> 147690.65 | F64: =211743.224+1413.75+765.6+666+528+972 -> 216088.57 | G64: =SUM(C64:F64) -> 571488.25 | H64: 3348.532 | I64: 1818.078 | J64: 11746.621 | K64: 18543.933 | L64: 11606.669 | M64: 754.775 | N64: =96376.281+548.444+700+519.761 -> 98144.486 | O64: 17706.626 | P64: =SUM(H64:O64) -> 163669.72
B65: 39722 | C65: =219898.597+54450+4160 -> 278508.6 | D65: 17498.557 | E65: =96101.67+1147.404 -> 97249.074 | F65: =146836.483+709.958 -> 147546.44 | G65: =SUM(C65:F65) -> 540802.67 | H65: 1419.248 | I65: 3951.223 | J65: 3186.686 | K65: =17161.093+544.5+575.773 -> 18281.366 | L65: 11180.821 | M65: 1370.264 | N65: =45856.541+522+535.468+652.5 -> 47566.509 | O65: =14976.731+780+5.492 -> 15762.223 | P65: =SUM(H65:O65) -> 102718.34
B66: 39753 | C66: =136571.194+942.511+4208+877.676+2583.158+742.5+3243.877+1309.8+49874.928+17030.066 -> 217383.71 | D66: =43516.978+632.14 -> 44149.118 | E66: =99280.663+553.86+800 -> 100634.52 | F66: =221303.846+1497+983.03+1222.55+815+509 -> 226330.43 | G66: =SUM(C66:F66) -> 588497.78 | H66: 946.491 | I66: 3880.407 | J66: 3786.696 | K66: 11833.362 | L66: 11473.051 | M66: 985.247 | N66: 57544.889 | O66: 27241.8 | P66: =SUM(H66:O66) -> 117691.94
B67: 39783 | C67: 131301.9 | D67: 11045.8 | E67: 57654.7 | F67: 104571.8 | G67: =SUM(C67:F67) -> 304574.2 | H67: 1645.5 | I67: 1783 | J67: 6391.6 | K67: =8201.2+564 -> 8765.2 | L67: 4611.5 | M67: 942.4 | N67: 56208.5 | O67: =18876.2+665.1 -> 19541.3 | P67: =SUM(H67:O67) -> 99889
B68: 2009
B69: 39814 | C69: =80747.1+675+1325.1 -> 82747.2 | D69: 42098.8 | E69: 62561.6 | F69: =219331.1+880+1428 -> 221639.1 | G69: =SUM(C69:F69) -> 409046.7 | H69: 670.7 | I69: 677.3 | J69: =3870.5+3089.2+3110.5 -> 10070.2 | K69: =16916.1+806 -> 17722.1 | L69: =4661.6+945.3 -> 5606.9 | M69: 497.3 | N69: 28080 | O69: =30469.8+888 -> 31357.8 | P69: =SUM(H69:O69) -> 94682.3
B70: 39845 | C70: 140878.9 | D70: =1285.7+77467.8 -> 78753.5 | E70: =1313.3+7140+4972.5+1899.8+7240.74+969+650.3+1326+828.7+2945.3+2945.3+2205.8+4620+754.6+2945.3+739.3+939.4+2570.3+3232.7+2772+1339.8+1339.8+893.2+998.9+986.8+831+783.1+770+669.2+648.3+500.5+529.6+127193.6 -> 190494.14 | F70: =572+657.7+600.5+1188+365644.95 -> 368663.15 | G70: =SUM(C70:F70) -> 778789.69 | H70: 1435.45 | I70: =2101.77+525+525+2131.02 -> 5282.79 | J70: 10664.25 | K70: 19081.82 | L70: 8296.1 | M70: 922.6 | N70: 17744.06 | O70: 37699.75 | P70: =SUM(H70:O70) -> 101126.82
B71: 39873 | C71: 56011.29 | D71: =98055.47+3880 -> 101935.47 | E71: =179442.86+501.76 -> 179944.62 | F71: =503+504582.15 -> 505085.15 | G71: =SUM(C71:F71) -> 842976.53 | H71: 2192.01 | I71: 4540.32 | J71: 23158.47 | K71: =16086.19+500.85 -> 16587.04 | L71: 7158.22 | M71: 256.96 | N71: 56735.88 | O71: 94172.75 | P71: =SUM(H71:O71) -> 204801.65
B72: 39904 | C72: =57371.7+19500+1006.4+2475 -> 80353.1 | D72: =35757.7+1403 -> 37160.7 | E72: =334561.9+815+518+603+733.5+550 -> 337781.4 | F72: =346905.6+1204+864+1296.1+990+602 -> 351861.7 | G72: =SUM(C72:F72) -> 807156.9 | H72: 582.1 | I72: 2365.9 | J72: =26428.8+560+545 -> 27533.8 | K72: =32404.3+503.2 -> 32907.5 | L72: =14678.2+2028.51 -> 16706.71 | M72: 525.8 | N72: =79274.7+14956.8 -> 94231.5 | O72: 75850.4 | P72: =SUM(H72:O72) -> 250703.71
B73: 39934 | C73: =82165.6+595+2100+1006.4+3187.1 -> 89054.1 | D73: 80259.1 | E73: =315360.7+512 -> 315872.7 | F73: =2727+600+554+2727+1054.4+313746.1 -> 321408.5 | G73: =SUM(C73:F73) -> 806594.4 | H73: 326.8 | I73: 369.6 | J73: 10863.5 | K73: =26713.7+1618.5+1618.5+1618.5+1618.5+1618.5 -> 34806.2 | L73: 4777.1 | M73: 704.2 | N73: 63646 | O73: 60965.7 | P73: =SUM(H73:O73) -> 176459.1
B74: 39965 | C74: =102726.9 -> 102726.9 | D74: =48379.6+974.3 -> 49353.9 | E74: =183038.3+504+582+635 -> 184759.3 | F74: =228707.4+1080+1006+555+555+508.8 -> 232412.2 | G74: =SUM(C74:F74) -> 569252.3 | H74: 570.4 | I74: =320 -> 320 | J74: =8907 -> 8907 | K74: =21339.1 -> 21339.1 | L74: =6357.1+24.1 -> 6381.2 | M74: =573.6 -> 573.6 | N74: 81784.3 | O74: =92288.9+2300+545.331 -> 95134.231 | P74: =SUM(H74:O74) -> 215009.83
B75: 39995 | C75: 68171.988 | D75: =17910.2+547.2+505.3 -> 18962.7 | E75: =114328.7+812 -> 115140.7 | F75: =119521.953+536.25+1170+2917.19 -> 124145.39 | G75: =SUM(C75:F75) -> 326420.78 | H75: 675.839 | I75: 418.4 | J75: 9901.9 | K75: =17320.3+1560+972.4+3678.4+1285.9 -> 24817 | L75: =4392.4+900+989.572 -> 6281.972 | M75: 263.3 | N75: =30339.6+6848.6 -> 37188.2 | O75: =53780.1+699.66 -> 54479.76 | P75: =SUM(H75:O75) -> 134026.37
B76: 40026 | C76: =38473.2+5234.2+1795.8+7580.6+2408.2+3263.9+11946 -> 70701.9 | D76: 7532.6 | E76: =69468.8+11527.4+700+700+700+700+2025 -> 85821.2 | F76: =112734.9+591.4+1107.6+1010.5 -> 115444.4 | G76: =SUM(C76:F76) -> 279500.1 | H76: 398.1 | I76: 1643.2 | J76: 16432.4 | K76: 12754 | L76: 3506.8 | M76: 220.2 | N76: 20115.4 | O76: =52371.3+695.5+550+666.6+848.4+1056+615+1020+530+902.9+606+505+507.5+507+1015+1100+500+500+639+630 -> 65765.2 | P76: =SUM(H76:O76) -> 120835.3
B77: 40057 | C77: =52553.1+660+660 -> 53873.1 | D77: 10731.3 | E77: =159633.3+1305.7+660+660+1000+717.4+1300 -> 165276.4 | F77: =226636.8+956.6 -> 227593.4 | G77: =SUM(C77:F77) -> 457474.2 | H77: 203.1 | I77: 130.7 | J77: 18642.3 | K77: 58468.3 | L77: 2511.8 | M77: 278.8 | N77: 21250.8 | O77: =75693.4+1905+500+500+1030+1650+1597.5+955.5+995+560+724.5+504+924.5+1082.4+107 -> 88728.8 | P77: =SUM(H77:O77) -> 190214.6
B78: 40087 | C78: =69838.15+46572.18 -> 116410.33 | D78: 10201.5 | E78: =119477.3+2495.5+1420+700+805+861 -> 125758.8 | F78: =184843.4+855+600+840+500+1340+1750+690+732+648 -> 192798.4 | G78: =SUM(C78:F78) -> 445169.03 | H78: 3119.55 | I78: 189.5 | J78: =9047.96+16 -> 9063.96 | K78: =57838.57+612 -> 58450.57 | L78: 4468.1 | M78: 263.4 | N78: 12670.9 | O78: =68217.4+998.75+720+500+2320+1392+928+524+1355+945+500.5+500.5+589.6+804+1692.9+518.7+866.58+1345 -> 84717.93 | P78: =SUM(H78:O78) -> 172943.91
B79: 40118 | C79: =33638.2+600+500+500 -> 35238.2 | D79: =9560.7 -> 9560.7 | E79: =86367.4+683.1+799.5+595+950+950 -> 90345 | F79: =107419.2+579.5+884+1503.8+504+550+1110+504+579.5 -> 113634 | G79: =SUM(C79:F79) -> 248777.9 | H79: =3792.9 -> 3792.9 | I79: =1073.4 -> 1073.4 | J79: =6862.8+75.8 -> 6938.6 | K79: =42547.1 -> 42547.1 | L79: 2477.3 | M79: 343.1 | N79: 10474.8 | O79: =37981.9+1300+1170+27300+1504+1021.5+2043+1452.8+567.5+1021.5+540+540+993.6+540+1017+565+565+1096.1+1549.5+1165+840+622.5+1260+622.5+610+762.5+1984+999+521.7+1032+1152.8+1152.8+1048+1493.5+504.7 -> 98539.4 | P79: =SUM(H79:O79) -> 166186.6
B80: 40148 | C80: 51291.7 | D80: 17446.8 | E80: 141772.1 | F80: 163043.1 | G80: =SUM(C80:F80) -> 373553.7 | H80: 1157.9 | I80: 4878.4 | J80: 18583.8 | K80: 46796.2 | L80: 2790.1 | M80: 2911.3 | N80: 17868.7 | O80: 108869.3 | P80: =SUM(H80:O80) -> 203855.7
B81: 2010
B82: 40179 | C82: =29785+2104.5+4329.1+5912.5 -> 42131.1 | D82: =11038.5+3200+4953+1524+966.4+1524+4953+722.1+3561.7 -> 32442.7 | E82: =93052.9 -> 93052.9 | F82: =128813+634.3+504+708+503.1+500.6+536+892.9+797.6+701.1+905.9+713.4+658.8+977.5+895+770+800.8+551.3+728+650+1057.1+905.6+510.6 -> 144714.6 | G82: =SUM(C82:F82) -> 312341.3 | H82: =273.5 -> 273.5 | I82: =152.2 -> 152.2 | J82: =12642.8+1650 -> 14292.8 | K82: =57460 -> 57460 | L82: =2519.9 -> 2519.9 | M82: =217.2 -> 217.2 | N82: =14628.3 -> 14628.3 | O82: =61302.8+557.5+669+1048.1+1136.3+535.2+551.3+998.3+1043+521.5+521.5+1329.6+587.5+963.5+1292.5+528.8+732+972.8+829.6+590+1180+590+531+1130+1062.2+1161.6+931.7+1273.5+1519+1004.5+507.4+2374.8+731.6+1552.4+711+1042.8+1505+1128.8+989+506+2214.5+1071.6+990+963.6+1283+1456.6+612+642.6+963.5+846+934.8+533.4+508 -> 111162.7 | P82: =SUM(H82:O82) -> 200706.6
B83: 40210 | C83: =49580.4+1668.9+951.6+834.2+831.8+526.4 -> 54393.3 | D83: 19299.2 | E83: 85586.6 | F83: 121367.6 | G83: =SUM(C83:F83) -> 280646.7 | H83: 172.2 | I83: 165.8 | J83: 7235.9 | K83: 35531.5 | L83: 3649.2 | M83: 355.7 | N83: 7294.7 | O83: 106495.6 | P83: =SUM(H83:O83) -> 160900.6
B84: 40238 | C84: =85184.1+61600.1 -> 146784.2 | D84: =14395.5+581.1+713+713.7+1004 -> 17407.3 | E84: =177815+1712.1+550+972+930+984.6+1807.2+2880+4420+509.7 -> 192580.6 | F84: =269046+535+740.8+602.6+511.5+748+756.8+893.6+576+539.5+833.3+1032+863.1+507.2+976+516.6+608+600+505.6+504+2725.6+828+734.5+559.1+1680+542.5 -> 288965.3 | G84: =SUM(C84:F84) -> 645737.4 | H84: =827.8 -> 827.8 | I84: =244.4 -> 244.4 | J84: =19210.1 -> 19210.1 | K84: =55006.1+516.8 -> 55522.9 | L84: =4310.4 -> 4310.4 | M84: =392.9 -> 392.9 | N84: =6238.6 -> 6238.6 | O84: =69069+517.4+506+600+1884+1125+1200+829.5+590+836.5+598+854+941.7+1095+941.7+1145+884.9+916+517.5+517.5+517.5+690+822.6+506.3 -> 88105.1 | P84: =SUM(H84:O84) -> 174852.2
B85: 40269 | C85: =58128.8+4801.5+1948.4+1106 -> 65984.7 | D85: =16874.9+503.1+1041.9+739.9+740.6+594.8+507.1 -> 21002.3 | E85: =389752.3+995+514.9+1387.9 -> 392650.1 | F85: =364877.4+669+1071.3+567+894.7+1108+926.7+603.4+561+10559.5 -> 381838 | G85: =SUM(C85:F85) -> 861475.1 | H85: =509.4 -> 509.4 | I85: =197.5 -> 197.5 | J85: =15335.2 -> 15335.2 | K85: =25007 -> 25007 | L85: =6171.1 -> 6171.1 | M85: =547.5 -> 547.5 | N85: =10145.2 -> 10145.2 | O85: =56849.1+1019.5+501.1+1805.8+531.7+532.5+894.5+2576+675.6 -> 65385.8 | P85: =SUM(H85:O85) -> 123298.7
B86: 40299 | C86: =42362.9+14050.4 -> 56413.3 | D86: =9443.1+502.2 -> 9945.3 | E86: =179207.2+790+560+507.3+4920+926.5 -> 186911 | F86: =137616.9+727.5+7965.9 -> 146310.3 | G86: =SUM(C86:F86) -> 399579.9 | H86: 1241.5 | I86: 2423.9 | J86: 14574 | K86: =18319.4+39.5 -> 18358.9 | L86: 3032.7 | M86: 395.6 | N86: 8619.1 | O86: =58607.3+808+503.7+716.1+2376.2+503.8+503.8+585+506.3+508.1+1485+618.8+508.2 -> 68230.3 | P86: =SUM(H86:O86) -> 116876
B87: 40330 | C87: =52234.325+20348.817+3740.724+7229.8 -> 83553.666 | D87: 17133.1 | E87: =126523.719+520 -> 127043.72 | F87: =96564.6+540 -> 97104.6 | G87: =SUM(C87:F87) -> 324835.08 | H87: 637.2 | I87: 1154.189 | J87: 19374.758 | K87: 12150.44 | L87: 1998.5 | M87: 1280.445 | N87: 10963.805 | O87: =66888.416+795.083+537.3+897.7+1089 -> 70207.499 | P87: =SUM(H87:O87) -> 117766.84
B88: 40360 | C88: =28550.625+2150+3053.147 -> 33753.772 | D88: 19703.2 | E88: =116066+567+993+567+576+576 -> 119345 | F88: =104619.5+3350 -> 107969.5 | G88: =SUM(C88:F88) -> 280771.47 | H88: 518.6 | I88: 875.73 | J88: 13602.351 | K88: 12785.41 | L88: 1205.31 | M88: 1098.692 | N88: 4100.326 | O88: =72163.243+577.1+692.86+743.36+535.8+985.8+1158+511.5+778.05+585+577.1+990.255 -> 80298.068 | P88: =SUM(H88:O88) -> 114484.49
B89: 40391 | C89: 46990.473 | D89: 22840.3 | E89: =81971.7+823.8+837+560 -> 84192.5 | F89: =61533+550 -> 62083 | G89: =SUM(C89:F89) -> 216106.27 | H89: 1571.768 | I89: 197.564 | J89: 23955.242 | K89: =25735.5+528 -> 26263.5 | L89: 2645.3 | M89: 572.487 | N89: 5007.061 | O89: =115493.512+530.4+3207.6+1065.3+1008+1095+2185+737.8+825.86+713.9 -> 126862.37 | P89: =SUM(H89:O89) -> 187075.29
B90: 40422 | C90: =28203+45898.5 -> 74101.5 | D90: 24324.2 | E90: =101703.9+1098+567.1 -> 103369 | F90: 84245 | G90: =SUM(C90:F90) -> 286039.7 | H90: 2565.4 | I90: 609.8 | J90: 33641.4 | K90: 32425.7 | L90: 1152.6 | M90: 368.4 | N90: 6346 | O90: =115893.4+22619.8-574.7 -> 137938.5 | P90: =SUM(H90:O90) -> 215047.8
B91: 40452 | C91: =27723.6+8501.1 -> 36224.7 | D91: 20951.6 | E91: =65891.6+2550+510 -> 68951.6 | F91: 63203.4 | G91: =SUM(C91:F91) -> 189331.3 | H91: 2428.8 | I91: 919.3 | J91: 24681.3 | K91: 28353.1 | L91: 2390.3 | M91: 1073.6 | N91: 6812 | O91: 90557.2 | P91: =SUM(H91:O91) -> 157215.6
B92: 40483 | C92: =25403.5+755.7 -> 26159.2 | D92: 15066.3 | E92: 48390.1 | F92: 43880.5 | G92: =SUM(C92:F92) -> 133496.1 | H92: 511.2 | I92: 853.7 | J92: 15576.1 | K92: 15362.9 | L92: 1346.7 | M92: 1753 | N92: 3658.1 | O92: =65891.1+619.5+501.6+937+1844.6+1066.9+963.9+698.8+529+2294.8+1402.6+948.6+507.5+930+976.5 -> 80112.4 | P92: =SUM(H92:O92) -> 119174.1
B93: 40513 | C93: =40607.6+870+830.1+4025.6 -> 46333.3 | D93: 22112 | E93: =52351.9+840+998.4 -> 54190.3 | F93: =117882.7+882+882+1470 -> 121116.7 | G93: =SUM(C93:F93) -> 243752.3 | H93: 299.2 | I93: 424.4 | J93: 19330.8 | K93: 18831.7 | L93: 1741.4 | M93: 1121.2 | N93: 6126.4 | O93: =5118.8+504+501.8+695.5+1872.5+697.6 -> 9390.2 | P93: =SUM(H93:O93) -> 57265.3
B94: 2011
B95: 40544 | C95: =39614.6+5336.5 -> 44951.1 | D95: 8273.2 | E95: 41922.8 | F95: 107629.4 | G95: =SUM(C95:F95) -> 202776.5 | H95: 368.7 | I95: 989.2 | J95: 26415.1 | K95: 26478.3 | L95: 2739 | M95: 474.9 | N95: 13751.8 | O95: 10339.9 | P95: =SUM(H95:O95) -> 81556.9
B96: 40575 | C96: =31246.5+5550 -> 36796.5 | D96: 6909 | E96: 31337 | F96: =54442.1+660.7+601.6 -> 55704.4 | G96: =SUM(C96:F96) -> 130746.9 | H96: 78.9 | I96: 390.4 | J96: 9427.3 | K96: 11083 | L96: 2091 | M96: 201.5 | N96: 4752.1 | O96: 6908.6 | P96: =SUM(H96:O96) -> 34932.8
B97: 40603 | C97: =60788.2+895+590.2 -> 62273.4 | D97: 8856 | E97: 51155.9 | F97: 58926.9 | G97: =SUM(C97:F97) -> 181212.2 | H97: 51.7 | I97: 1779.3 | J97: 13508.9 | K97: 11972 | L97: 1932.7 | M97: 383.5 | N97: 7516.3 | O97: 6207.7 | P97: =SUM(H97:O97) -> 43352.1
B98: 40634 | C98: =26276.2+6011.4+2584.8+2584.8+2584.7+17940.1 -> 57982 | D98: =4445.4+625.6 -> 5071 | E98: =47691.7+870+603.2 -> 49164.9 | F98: 63800.7 | G98: =SUM(C98:F98) -> 176018.6 | H98: 293.3 | I98: 354.1 | J98: =7767.5+4950 -> 12717.5 | K98: 11207.7 | L98: 1256.9 | M98: 309.7 | N98: 11536.4 | O98: 11615.7 | P98: =SUM(H98:O98) -> 49291.3
B99: 40664 | C99: =37657.7+2718.4 -> 40376.1 | D99: 5003.4 | E99: =79709.6+615.6 -> 80325.2 | F99: =96047.3+639.2 -> 96686.5 | G99: =SUM(C99:F99) -> 222391.2 | H99: 219.1 | I99: 617 | J99: 10320 | K99: 7000.7 | L99: 1171.1 | M99: 2219.1 | N99: 8060 | O99: 19786.6 | P99: =SUM(H99:O99) -> 49393.6
B100: 40695 | C100: 38695.2 | D100: 6018 | E100: 54071 | F100: 79950.3 | G100: =SUM(C100:F100) -> 178734.5 | H100: 1811.9 | I100: 317.5 | J100: 7427.8 | K100: 7137.8 | L100: 1680.7 | M100: 785.9 | N100: 4838.8 | O100: 8118.7 | P100: =SUM(H100:O100) -> 32119.1
B101: 40725 | C101: 30083.2 | D101: 6342.9 | E101: 35433.5 | F101: =78950.6+1138.6 -> 80089.2 | G101: =SUM(C101:F101) -> 151948.8 | H101: 143.4 | I101: 549.1 | J101: 9204.7 | K101: =6911+4605 -> 11516 | L101: 3125 | M101: 2441.4 | N101: 4475.3 | O101: 12124.3 | P101: =SUM(H101:O101) -> 43579.2
B102: 40756 | C102: 25647.9 | D102: 4675 | E102: 22591.5 | F102: 49670.3 | G102: =SUM(C102:F102) -> 102584.7 | H102: 190.1 | I102: 181.8 | J102: 13630.7 | K102: 10381.8 | L102: 1200.9 | M102: 393.5 | N102: 3028.8 | O102: 17373 | P102: =SUM(H102:O102) -> 46380.6
B103: 40787 | C103: 28465.5 | D103: 7070.3 | E103: 37280.2 | F103: 49852.2 | G103: =SUM(C103:F103) -> 122668.2 | H103: 699.8 | I103: 324.3 | J103: 12673.5 | K103: 12815.5 | L103: 921.7 | M103: 200.8 | N103: 3298 | O103: 23307.1 | P103: =SUM(H103:O103) -> 54240.7
B104: 40817 | C104: =40775.5+5654 -> 46429.5 | D104: 5651.5 | E104: 27476.4 | F104: 38717.6 | G104: =SUM(C104:F104) -> 118275 | H104: 283.1 | I104: 294.3 | J104: 10178.3 | K104: 9111.2 | L104: 889.8 | M104: 400.2 | N104: 7650 | O104: 13105.4 | P104: =SUM(H104:O104) -> 41912.3
...

Sheet 59b
B2: Financial Sector Statistics | E2: Table (59b) جدول | M2: إحصاءات القطاع المالي
D3: ** حجم التداول في بورصة عمان موزعا حسب القطاعات
D4: ** Value Traded at Amman Stock Exchange According to Sectors | O4: الف دينار JD Thousand
C6: قطاع الصناعة | O6: مجموع القطاعات
C7: Industrial Sector
C8: الادوية والصناعات الطبية | D8: الصناعات الكيماوية | E8: صناعات الورق والكرتون | F8: الطباعة والتغليف | G8: الاغذية والمشروبات | H8: التبغ والسجائر | I8: الصناعات الاستخراجية والتعدينية | J8: الصناعات الهندسية والانشائية | K8: الصناعات الكهربائية | L8: الملابس والجلود والنسيج | M8: الصناعات الزجاجية والخزفية | N8: مجموع قطاع الصناعة
C10: Pharmaceutical and Medical Industries | D10: Chemical Industries | E10: Paper and Cartoon Industries | F10: Printing and Packaging | G10: Food and Beverages | H10: Tobacco and Cigarettes | I10: Mining and Extraction Industries | J10: Engineering and Construction | K10: Electrical Industries | L10: Textile, Leather and Clothings | M10: Glass and Ceramic Industries | N10: Total of Industrial Sector | O10: Total Sectors
B11: الفترة Period
B12: 2004 | C12: 84073.7 | D12: 108018.3 | E12: 3061.1 | F12: 22166 | G12: 75679.6 | H12: 76584.4 | I12: 257308.5 | J12: 63548.5 | K12: 261366.8 | L12: 34323.7 | M12: 23411.2 | N12: =SUM(C12:M12) -> 1009541.8 | O12: =N12+'59a'!G13+'59a'!P13 -> 3793251.1
B13: 2005 | C13: 140194.8 | D13: 146414.6 | E13: 2138.9 | F13: 3978.5 | G13: 94749.7 | H13: 335682.4 | I13: 558859.7 | J13: 199290.5 | K13: 821254.2 | L13: 140776.9 | M13: 31102.2 | N13: =SUM(C13:M13) -> 2474442.4 | O13: =N13+'59a'!G14+'59a'!P14 -> 16871052
B14: 2006 | C14: 82595.8 | D14: 132590.8 | E14: 10345.5 | F14: 8004.1 | G14: 114403.3 | H14: 62441 | I14: 306110.3 | J14: 167761.5 | K14: 698533.8 | L14: 98541.5 | M14: 16151.6 | N14: =SUM(C14:M14) -> 1697479.2 | O14: =N14+'59a'!G15+'59a'!P15 -> 14209871
B15: 2007 | C15: 75701.7 | D15: 261020 | E15: 43498.3 | F15: 10120.9 | G15: 87294.8 | H15: 32276.4 | I15: 334523.7 | J15: 186756.6 | K15: 658572 | L15: 199564.9 | M15: 21545.6 | N15: =SUM(C15:M15) -> 1910874.9 | O15: =N15+'59a'!G16+'59a'!P16 -> 12348102
B16: 2008 | C16: 19076.579 | D16: 275509.7 | E16: 30734.77 | F16: 4898.349 | G16: 99982.901 | H16: 24792.449 | I16: 4117485.1 | J16: 133818.84 | K16: 458900.46 | L16: 84320.019 | M16: 7316.823 | N16: 5256835.9 | O16: =N16+'59a'!G17+'59a'!P17 -> 20318015
B17: 2009 | C17: 9812.1 | D17: 162100.66 | E17: 12011.03 | F17: 511.71 | G17: 44931.43 | H17: 11413.07 | I17: 687293.39 | J17: 155484.82 | K17: 46507.359 | L17: 94958.87 | M17: 64728.058 | N17: 1289752.5 | O17: =N17+'59a'!G18+'59a'!P18 -> 9665310.6
B18: 2010 | C18: 14655.015 | D18: 33141.8 | E18: 30404.54 | F18: 676.945 | G18: 30480.8 | H18: 17883.958 | I18: 198454.59 | J18: 26793.204 | K18: 287588 | L18: 79966.227 | M18: 51165.9 | N18: 771210.98 | O18: =N18+'59a'!G19+'59a'!P19 -> 6689987.1
B19: 2011 | C19: 5790 | D19: 19684.1 | E19: 2528.1 | F19: 1628.9 | G19: 9199.2 | H19: 30245.7 | I19: 177860.8 | J19: 40079.4 | K19: 202577.5 | L19: 19244.1 | M19: 8055.9 | N19: 516893.7 | O19: =N19+'59a'!G20+'59a'!P20 -> 2850246.7
B20: 2012 | C20: 4768.757 | D20: 20204.897 | E20: 2436.418 | F20: 5178.373 | G20: 1588.034 | H20: 78725.319 | I20: 90337.212 | J20: 75905.3 | K20: 22736.646 | L20: 27188.279 | M20: 56307.908 | N20: 385377.14 | O20: =N20+'59a'!G21+'59a'!P21 -> 1978750
B21: 2013 | C21: 9718.6 | D21: 29260.6 | E21: 8746.1 | F21: 1659.9 | G21: 7307.2 | H21: 38666.4 | I21: 93632.1 | J21: 54684.2 | K21: 61894.3 | L21: 43391.4 | M21: 48725.2 | N21: 397686 | O21: =N21+'59a'!G22+'59a'!P22 -> 3027245.4
B22: 2014 | C22: 30038.994 | D22: 76361.912 | E22: 4405.534 | F22: 211.108 | G22: 16100.643 | H22: 49802.53 | I22: 91190.821 | J22: 24188.306 | K22: 18769.342 | L22: 57442.429 | M22: 10583.152 | N22: 379094.77 | O22: =N22+'59a'!G23+'59a'!P23 -> 2263404.7
B23: 2015 | C23: 21749.472 | D23: 47221.312 | E23: 1489.018 | F23: 213.745 | G23: 20087.132 | H23: 41234.747 | I23: 62308.873 | J23: 26941.056 | K23: 25280.629 | L23: 93605.307 | M23: 6431.4 | N23: 346562.69 | O23: =N23+'59a'!G24+'59a'!P24 -> 3417078.9
B24: 2016 | C24: 23242.055 | D24: 39174.548 | E24: 3696.811 | F24: 127.02 | G24: 38398.482 | H24: 282739.07 | I24: 121086.63 | J24: 54336.082 | K24: 52808.558 | L24: 88109.735 | M24: 0 | N24: 703718.99 | O24: =N24+'59a'!G25+'59a'!P25 -> 2329466.2
B25: 2017 | C25: 10251.276 | D25: 40147.962 | E25: 1179.266 | F25: 185.663 | G25: 25196.06 | H25: 378163.51 | I25: 113572.02 | J25: 18532.933 | K25: 17124.184 | L25: 51396.928 | M25: 0 | N25: 655749.8 | O25: =N25+'59a'!G26+'59a'!P26 -> 2926233.5
B26: 2018 | C26: 5794.6 | D26: 29293.172 | E26: 24.632 | F26: 39.011 | G26: 5561.674 | H26: 365624.27 | I26: 484411.2 | J26: 47641.618 | K26: 13315.304 | L26: 36583.65 | M26: 0 | N26: 988289.13 | O26: =N26+'59a'!G27+'59a'!P27 -> 2319326
B27: 2019 | C27: 8209.589 | D27: 29951.354 | E27: 46.172 | F27: 1.208 | G27: 27584.971 | H27: 75362.813 | I27: 79813.517 | J27: 20251.989 | K27: 12116.545 | L27: 36026.434 | M27: 0 | N27: 289364.59 | O27: =N27+'59a'!G28+'59a'!P28 -> 1585437.5
B28: 2020* | C28: 4548.951 | D28: 33719.975 | E28: 0 | F28: 0 | G28: 24573.542 | H28: 40556.51 | I28: 55370.096 | J28: 5043.092 | K28: 10313.297 | L28: 8190.649 | M28: 0 | N28: 182316.11 | O28: =N28+'59a'!G29+'59a'!P29 -> 1048824.4
B29: 2021 | C29: 27675.356 | D29: 21817.233 | E29: 0 | F29: 0 | G29: 48477.505 | H29: 28890.543 | I29: 334659.13 | J29: 17327.941 | K29: 14935.986 | L29: 2075.416 | M29: 0 | N29: 495859.11 | O29: =N29+'59a'!G30+'59a'!P30 -> 1963596.5
B30: 2022 | C30: 4626.076 | D30: 7317.474 | E30: 0 | F30: 0 | G30: 46372.249 | H30: 3559.14 | I30: 352525.2 | J30: 28542.856 | K30: 2696.149 | L30: 374.982 | M30: 0 | N30: 446014.13 | O30: =N30+'59a'!G31+'59a'!P31 -> 1903706.6
B31: 2023 | C31: 19107.657 | D31: 10413.478 | E31: 0 | F31: 0 | G31: 42246.681 | H31: 8589.751 | I31: 278224.35 | J31: 105451.83 | K31: 2378.867 | L31: 597.487 | M31: 0 | N31: 467010.1 | O31: 1456963.6
B32: 2024 | C32: 11482.573 | D32: 6266.848 | E32: 0 | F32: 0 | G32: 13680.787 | H32: 6187.517 | I32: 135523.68 | J32: 27189.951 | K32: 6950.345 | L32: 552.332 | M32: 0 | N32: 207834.03 | O32: 1199225.4
B33: 2025 | C33: 11087.309 | D33: 7133.366 | E33: 0 | F33: 0 | G33: 7609.056 | H33: 710.206 | I33: 447068.45 | J33: 23806.92 | K33: 60248.871 | L33: 1233.112 | M33: 0 | N33: 558897.29 | O33: 2165308.5
B34: 2006
B35: 38899 | C35: 1241.4 | D35: 5931.2 | E35: 2729 | F35: 397.5 | G35: 4826 | H35: 2573.4 | I35: 11628.2 | J35: 10850.2 | K35: 44789.7 | L35: 10369.9 | M35: 254.7 | N35: 95591.2 | O35: 903209.9
B36: 38930 | C36: 1587.7 | D36: 20938.9 | E36: 3938.6 | F36: 560.6 | G36: 11547 | H36: 1224.1 | I36: 30994.4 | J36: 15102.3 | K36: 111919.8 | L36: 24856.9 | M36: 2074.8 | N36: 224745.1 | O36: 1771830.7
B37: 38961 | C37: 2165.6 | D37: 29119.3 | E37: 872.5 | F37: 2636.5 | G37: 14226.8 | H37: 3588.4 | I37: 30521.9 | J37: 25285.1 | K37: 48636.3 | L37: 14569.7 | M37: 5566.2 | N37: 177188.3 | O37: 1189354.2
B38: 38991 | C38: 910 | D38: 17222.6 | E38: 551.7 | F38: 1407.1 | G38: 17092.9 | H38: 899.2 | I38: 15600 | J38: 15422.6 | K38: 27620.7 | L38: 6285.4 | M38: 1340.2 | N38: 104352.4 | O38: 841235.7
B39: 39022 | C39: 1158.8 | D39: 9149.8 | E39: 206.9 | F39: 570.2 | G39: 23019.3 | H39: 12149.4 | I39: 11670.7 | J39: 8255.2 | K39: 29951.9 | L39: 5083.8 | M39: 631.4 | N39: 101847.4 | O39: 853221.8
B40: 39052 | C40: 4348.3 | D40: 4231.2 | E40: 860.6 | F40: 240.1 | G40: 6842.4 | H40: 2294.5 | I40: 10397.9 | J40: 17658 | K40: 22656.8 | L40: 5141 | M40: 724.4 | N40: 75395.2 | O40: 665267.6
B41: 2007
B42: 39083 | C42: 15719.6 | D42: 7907.4 | E42: 487.1 | F42: 583.8 | G42: 10226.9 | H42: 1398.3 | I42: 16304 | J42: 10225.1 | K42: 38125.1 | L42: 10439.8 | M42: 1216.1 | N42: =SUM(C42:M42) -> 112633.2 | O42: =N42+'59a'!P43+'59a'!G43 -> 832990.9
B43: 39114 | C43: 33599.3 | D43: 14007.3 | E43: 316.8 | F43: 507.1 | G43: 6464.3 | H43: 9604.6 | I43: 29420.7 | J43: 10363.3 | K43: 79158.8 | L43: 9219.2 | M43: 1242.9 | N43: =SUM(C43:M43) -> 193904.3 | O43: =N43+'59a'!P44+'59a'!G44 -> 1536874
B44: 39142 | C44: 2154.3 | D44: 12532.7 | E44: 329.6 | F44: 106 | G44: 8553.8 | H44: 11308.5 | I44: 34032.4 | J44: 28439.2 | K44: 66861.2 | L44: 3822.6 | M44: 803 | N44: =SUM(C44:M44) -> 168943.3 | O44: =N44+'59a'!P45+'59a'!G45 -> 1155767.4
B45: 39173 | C45: 3656.9 | D45: 18918.1 | E45: 1100.1 | F45: 9.9 | G45: 3252 | H45: 1039.5 | I45: 28594.2 | J45: 11309.9 | K45: 36880.8 | L45: 12486 | M45: 721.2 | N45: =SUM(C45:M45) -> 117968.6 | O45: =N45+'59a'!P46+'59a'!G46 -> 758039.3
B46: 39203 | C46: 1463.9 | D46: 21781.5 | E46: 663.5 | F46: 11.8 | G46: 12645.3 | H46: 1881.4 | I46: 15985.4 | J46: 9122.8 | K46: 81819 | L46: 12198.4 | M46: 4115.7 | N46: =SUM(C46:M46) -> 161688.7 | O46: =N46+'59a'!P47+'59a'!G47 -> 842790.2
B47: 39234 | C47: 7458.9 | D47: 17906.8 | E47: 536.5 | F47: 105.2 | G47: 7889 | H47: 347.2 | I47: 35244.6 | J47: 11675.2 | K47: 108183.8 | L47: 21970.8 | M47: 1465 | N47: =SUM(C47:M47) -> 212783 | O47: =N47+'59a'!P48+'59a'!G48 -> 1014375.3
B48: 39264 | C48: 1722.1 | D48: 32264.8 | E48: 1358.2 | F48: 1280.8 | G48: 15860.8 | H48: 512.9 | I48: =17005.1+230 -> 17235.1 | J48: =12547.1+2058.2 -> 14605.3 | K48: 43855.9 | L48: =17547.7+565.5 -> 18113.2 | M48: 547.5 | N48: =SUM(C48:M48) -> 147356.6 | O48: =N48+'59a'!P49+'59a'!G49 -> 1211787.2
B49: 39295 | C49: 1343.3 | D49: 26262 | E49: 7264.6 | F49: 1103.1 | G49: =7357.7+513 -> 7870.7 | H49: 420.2 | I49: =8785+1270.6 -> 10055.6 | J49: =398.1+12592 -> 12990.1 | K49: 87378.5 | L49: 11681.7 | M49: 959.3 | N49: =SUM(C49:M49) -> 167329.1 | O49: =N49+'59a'!P50+'59a'!G50 -> 734980.5
B50: 39326 | C50: 1527.2 | D50: 10413.3 | E50: 11307.5 | F50: 726.4 | G50: 4820.6 | H50: 989.8 | I50: 8353.6 | J50: =16307.2+212.4 -> 16519.6 | K50: =16472.4+2454.9 -> 18927.3 | L50: =430+28934.3 -> 29364.3 | M50: 3629.7 | N50: =SUM(C50:M50) -> 106579.3 | O50: =N50+'59a'!P51+'59a'!G51 -> 908622.4
B51: 39356 | C51: 2392.7 | D51: =27974.5+618+200+370+250+300+450 -> 30162.5 | E51: 8014.9 | F51: 1390.6 | G51: 3962.9 | H51: 1473.2 | I51: 34112.1 | J51: 18237.8 | K51: =42497.5+542+769.6+1161.3+486.7+542.4+211.4 -> 46210.9 | L51: =18134.8+221 -> 18355.8 | M51: 2713.8 | N51: =SUM(C51:M51) -> 167027.2 | O51: =N51+'59a'!P52+'59a'!G52 -> 1268417.9
B52: 39387 | C52: 1653.8 | D52: =48892.2+458.4+660+420+300 -> 50730.6 | E52: 7010.6 | F52: =767.6+200+1300+1916.8 -> 4184.4 | G52: 3627.6 | H52: 1587.2 | I52: 38004.6 | J52: 30983.4 | K52: =20915.7+700+1450+875+875+1651.2 -> 26466.9 | L52: 25059.1 | M52: 2477.8 | N52: =SUM(C52:M52) -> 191786 | O52: =N52+'59a'!P53+'59a'!G53 -> 1156564.9
B53: 39417 | C53: 3009.7 | D53: 18949.5 | E53: 4292.4 | F53: 111.8 | G53: 2120.8 | H53: 1713.5 | I53: 67181.7 | J53: 12285 | K53: 24703.6 | L53: 26854.1 | M53: 1653.5 | N53: =SUM(C53:M53) -> 162875.6 | O53: =N53+'59a'!P54+'59a'!G54 -> 926892.1
B54: 2008
B55: 39448 | C55: 3162.6 | D55: =13683.9+1023 -> 14706.9 | E55: 3274.8 | F55: 66.9 | G55: 2267.6 | H55: 984.6 | I55: 121866.5 | J55: =10538.3+618.9+330.2+330.1 -> 11817.5 | K55: =39065.4+617.1+575+1200 -> 41457.5 | L55: =10832.1+579 -> 11411.1 | M55: 1500.8 | N55: =SUM(C55:M55) -> 212516.8 | O55: =N55+'59a'!P56+'59a'!G56 -> 1407364.1
B56: 39479 | C56: 1674.2 | D56: 15697.2 | E56: 5622.9 | F56: 1207.9 | G56: 37808.2 | H56: 11136.5 | I56: 146023.7 | J56: 24687.6 | K56: 38975.5 | L56: 11701 | M56: 770 | N56: =SUM(C56:M56) -> 295304.7 | O56: =N56+'59a'!P57+'59a'!G57 -> 1269352.9
B57: 39508 | C57: 1247.8 | D57: 14742.8 | E57: 5.5 | F57: 610 | G57: =8545.7+240 -> 8785.7 | H57: 857.6 | I57: 367819.8 | J57: 8306.5 | K57: =29270.3+744+370.5+372+249 -> 31005.8 | L57: =6870.6+203.2+203.2+211.1 -> 7488.1 | M57: 380.7 | N57: =SUM(C57:M57) -> 441250.3 | O57: =N57+'59a'!P58+'59a'!G58 -> 1981241.3
B58: 39539 | C58: 1404.6 | D58: 13517.1 | E58: 7612.1 | F58: 499 | G58: 3975.3 | H58: 559.8 | I58: =406027.7+242+682.4 -> 406952.1 | J58: 7604.2 | K58: 38228.5 | L58: 3319.7 | M58: 696.5 | N58: =SUM(C58:M58) -> 484368.9 | O58: =N58+'59a'!P59+'59a'!G59 -> 2046666.6
B59: 39569 | C59: 1611.681 | D59: =18842.868+435 -> 19277.868 | E59: 4427.052 | F59: 118.064 | G59: 8860.501 | H59: 1184.268 | I59: =366512.004+674.4 -> 367186.4 | J59: 8726.896 | K59: =26662.958+580.8+387.2+8856+6065.445+8400+13008+430.5+525.285+1419+1902.982+1222.432+451.5+1290+2089.8+645+532+565.5 -> 75034.402 | L59: 3723.163 | M59: 490.503 | N59: =SUM(C59:M59) -> 490640.8 | O59: =N59+'59a'!P60+'59a'!G60 -> 2063237.1
B60: 39600 | C60: 3534.1 | D60: 40793.2 | E60: 2372 | F60: 242.1 | G60: 13964.4 | H60: 6131.8 | I60: 688102.2 | J60: 31305 | K60: 110465.4 | L60: 2807.5 | M60: 1410.7 | N60: =SUM(C60:M60) -> 901128.4 | O60: =N60+'59a'!P61+'59a'!G61 -> 3525115
B61: 39630 | C61: 2717.4 | D61: 58556.4 | E61: 3889.4 | F61: 547.8 | G61: 10511.9 | H61: 724.1 | I61: 661816.2 | J61: 13551.5 | K61: 25514.9 | L61: 18701.3 | M61: 511.5 | N61: =SUM(C61:M61) -> 797042.4 | O61: =N61+'59a'!P62+'59a'!G62 -> 2779394.4
B62: 39661 | C62: 618.531 | D62: =39919.488+121.994 -> 40041.482 | E62: 1121.928 | F62: 594.044 | G62: 3140.416 | H62: 269.324 | I62: =412804.671+503.44 -> 413308.11 | J62: 4201.054 | K62: =22628.824+648+1393.2 -> 24670.024 | L62: 7162.679 | M62: 254.524 | N62: =SUM(C62:M62) -> 495382.12 | O62: =N62+'59a'!P63+'59a'!G63 -> 1617109.8
B63: 39692 | C63: 742.298 | D63: 28262.863 | E63: 1245.585 | F63: 900.431 | G63: 6969.124 | H63: 336.979 | I63: =471457.587+76662+562.5+23040+3578.715+16905+2634.466 -> 594840.27 | J63: 6005.219 | K63: =12537.385+757.5+1000.5 -> 14295.385 | L63: 1813.688 | M63: 993.4 | N63: =SUM(C63:M63) -> 656405.24 | O63: =N63+'59a'!P64+'59a'!G64 -> 1391563.2
B64: 39722 | C64: 1656.045 | D64: =12770.162+500.03 -> 13270.192 | E64: 483.876 | F64: 70.427 | G64: 2325.778 | H64: 696.126 | I64: =145270.943+27487.158+3908.129+1011.5 -> 177677.73 | J64: 3978.845 | K64: =25549.834+1215 -> 26764.834 | L64: 6007.125 | M64: 147.352 | N64: =SUM(C64:M64) -> 233078.33 | O64: =N64+'59a'!P65+'59a'!G65 -> 876599.34
B65: 39753 | C65: 441.124 | D65: 12276.99 | E65: 471.229 | F65: 34.883 | G65: 967.782 | H65: 580.352 | I65: 108263.55 | J65: 5707.724 | K65: =17409.113+514.8+1170 -> 19093.913 | L65: 8102.964 | M65: 88.444 | N65: =SUM(C65:M65) -> 156028.96 | O65: =N65+'59a'!P66+'59a'!G66 -> 862218.68
B66: 39783 | C66: 266.2 | D66: 4366.7 | E66: 208.4 | F66: 6.8 | G66: 406.2 | H66: 1331 | I66: 63628.5 | J66: 7926.8 | K66: 13394.3 | L66: 2081.7 | M66: 72.4 | N66: =SUM(C66:M66) -> 93689 | O66: =N66+'59a'!P67+'59a'!G67 -> 498152.2
B67: 2009
B68: 39814 | C68: 371.4 | D68: 10171.4 | E68: 573.2 | F68: 40.2 | G68: 529.8 | H68: 545.5 | I68: 56866.4 | J68: 12785.5 | K68: 12848.2 | L68: 1552.4 | M68: 111.5 | N68: =SUM(C68:M68) -> 96395.5 | O68: =N68+'59a'!P69+'59a'!G69 -> 600124.5
B69: 39845 | C69: 741.47 | D69: 25849.2 | E69: 3139.23 | F69: 22.85 | G69: 1172.62 | H69: 840.09 | I69: 38589.9 | J69: 16907.12 | K69: 1416.86 | L69: 10684.66 | M69: 417.11 | N69: =SUM(C69:M69) -> 99781.11 | O69: =N69+'59a'!P70+'59a'!G70 -> 979697.62
B70: 39873 | C70: 419.43 | D70: 29899.7 | E70: 1961.3 | F70: 26.46 | G70: 1933.81 | H70: 363.88 | I70: =45512.29+3432+1716 -> 50660.29 | J70: 25171.7 | K70: 2416.11 | L70: 10321.73 | M70: 280.28 | N70: =SUM(C70:M70) -> 123454.69 | O70: =N70+'59a'!P71+'59a'!G71 -> 1171232.9
B71: 39904 | C71: 481.3 | D71: 23331.3 | E71: 1853.8 | F71: 75.7 | G71: 1409.4 | H71: 929.8 | I71: =70695.4+3676+1838 -> 76209.4 | J71: 33704.6 | K71: 6285.62 | L71: 2684.68 | M71: 266.27 | N71: =SUM(C71:M71) -> 147231.87 | O71: =N71+'59a'!P72+'59a'!G72 -> 1205092.5
B72: 39934 | C72: 897.3 | D72: 19919.5 | E72: 844.3 | F72: 32.1 | G72: 486.5 | H72: 1254.4 | I72: 83289.8 | J72: 12952 | K72: =3847.7+18.8 -> 3866.5 | L72: 1092.5 | M72: 386 | N72: =SUM(C72:M72) -> 125020.9 | O72: =N72+'59a'!P73+'59a'!G73 -> 1108074.4
B73: 39965 | C73: =3013.7 -> 3013.7 | D73: 18919.4 | E73: 564.4 | F73: 106.8 | G73: 729.4 | H73: 3565.1 | I73: =118431.8 -> 118431.8 | J73: =18091.9+634.5 -> 18726.4 | K73: 5134.2 | L73: 4072.5 | M73: 4697 | N73: =SUM(C73:M73) -> 177960.7 | O73: =N73+'59a'!P74+'59a'!G74 -> 962222.83
B74: 39995 | C74: 359.9 | D74: 6323.3 | E74: 458.3 | F74: 29.1 | G74: 2253.6 | H74: 914.2 | I74: 66493.4 | J74: 6800.899 | K74: 2707.969 | L74: 2630.6 | M74: 974.898 | N74: =SUM(C74:M74) -> 89946.166 | O74: =N74+'59a'!P75+'59a'!G75 -> 550393.32
B75: 40026 | C75: 475.3 | D75: 5929 | E75: 364.8 | F75: 20.5 | G75: 14742.5 | H75: 246.8 | I75: 37372.4 | J75: 5501.6 | K75: 1530.9 | L75: 8632 | M75: 7268.7 | N75: =SUM(C75:M75) -> 82084.5 | O75: =N75+'59a'!P76+'59a'!G76 -> 482419.9
B76: 40057 | C76: 266.4 | D76: 6840.3 | E76: 1454.5 | F76: 47.9 | G76: 7542.2 | H76: 913.2 | I76: 30427.4 | J76: 7929.5 | K76: 1678.6 | L76: 7762.8 | M76: 16302.6 | N76: =SUM(C76:M76) -> 81165.4 | O76: =N76+'59a'!P77+'59a'!G77 -> 728854.2
B77: 40087 | C77: 1678.6 | D77: 7557.86 | E77: 230.5 | F77: 14.8 | G77: 3144.5 | H77: 671.9 | I77: 75896.9 | J77: 8544.5 | K77: 2065.9 | L77: 13564.8 | M77: =14291.3+684+1482 -> 16457.3 | N77: =SUM(C77:M77) -> 129827.56 | O77: =N77+'59a'!P78+'59a'!G78 -> 747940.5
B78: 40118 | C78: 330.6 | D78: 2845.9 | E78: 294.8 | F78: 35.5 | G78: =5524.4 -> 5524.4 | H78: 675.7 | I78: 21797.3 | J78: 3325.9 | K78: 780.2 | L78: =13465.2+501.8 -> 13967 | M78: 9665.6 | N78: =SUM(C78:M78) -> 59242.9 | O78: =N78+'59a'!P79+'59a'!G79 -> 474207.4
B79: 40148 | C79: 776.7 | D79: 4513.8 | E79: 271.9 | F79: 59.8 | G79: 5462.7 | H79: 492.5 | I79: 31258.4 | J79: 3135.1 | K79: 5776.3 | L79: 17993.2 | M79: 7900.8 | N79: =SUM(C79:M79) -> 77641.2 | O79: =N79+'59a'!P80+'59a'!G80 -> 655050.6
B80: 2010
B81: 40179 | C81: =865.8 -> 865.8 | D81: =3018 -> 3018 | E81: 688.6 | F81: 92.4 | G81: =4240.9 -> 4240.9 | H81: =273.1 -> 273.1 | I81: =35165.1 -> 35165.1 | J81: =2755.3 -> 2755.3 | K81: =6072.1+744+544+587.1+565+565+690.2+678+650+650+680+520+540+545.9+501.5+501.8+590 -> 15624.6 | L81: 12881.2 | M81: =3016.1 -> 3016.1 | N81: =SUM(C81:M81) -> 78621.1 | O81: =N81+'59a'!P82+'59a'!G82 -> 591669
B82: 40210 | C82: 1028.6 | D82: 1604.5 | E82: 193 | F82: 39 | G82: 4838.2 | H82: 441.9 | I82: 20419.8 | J82: 2483.2 | K82: 15382.1 | L82: 3868.7 | M82: 1096.3 | N82: =SUM(C82:M82) -> 51395.3 | O82: =N82+'59a'!P83+'59a'!G83 -> 492942.6
B83: 40238 | C83: =1624.1+837+932.3+932.3 -> 4325.7 | D83: =4142.4 -> 4142.4 | E83: =995.7 -> 995.7 | F83: 152.1 | G83: =3384.4 -> 3384.4 | H83: =519.7 -> 519.7 | I83: =26474.8 -> 26474.8 | J83: =4263.5 -> 4263.5 | K83: =57020.1 -> 57020.1 | L83: =4483.3 -> 4483.3 | M83: =3131.5 -> 3131.5 | N83: =SUM(C83:M83) -> 108893.2 | O83: =N83+'59a'!P84+'59a'!G84 -> 929482.8
B84: 40269 | C84: =1873.9+1171.9 -> 3045.8 | D84: =3700.7 -> 3700.7 | E84: =5394.5+759.1 -> 6153.6 | F84: =61.2 -> 61.2 | G84: =1122.5 -> 1122.5 | H84: =1030.3+1418.1 -> 2448.4 | I84: =34086.1 -> 34086.1 | J84: =7190.2 -> 7190.2 | K84: =73421.8+742.3+1315.8+2479 -> 77958.9 | L84: =8091.2 -> 8091.2 | M84: =2595.1 -> 2595.1 | N84: =SUM(C84:M84) -> 146453.7 | O84: =N84+'59a'!P85+'59a'!G85 -> 1131227.5
B85: 40299 | C85: 1334.6 | D85: 1172.6 | E85: 15417.2 | F85: 22.5 | G85: 624.9 | H85: 566.9 | I85: 15471.6 | J85: 2440 | K85: 27691.6 | L85: 4493.4 | M85: 616.4 | N85: =SUM(C85:M85) -> 69851.7 | O85: =N85+'59a'!P86+'59a'!G86 -> 586307.6
B86: 40330 | C86: 537.926 | D86: =1605.4+1040+1924 -> 4569.4 | E86: 2517.43 | F86: 112.336 | G86: 196.3 | H86: 1755.433 | I86: 16816.507 | J86: 1333.319 | K86: =13060.2+1323 -> 14383.2 | L86: 6201.472 | M86: 1648.1 | N86: =SUM(C86:M86) -> 50071.423 | O86: =N86+'59a'!P87+'59a'!G87 -> 492673.34
B87: 40360 | C87: 206 | D87: 2094.1 | E87: 1223.8 | F87: 20.867 | G87: 712.9 | H87: 686.651 | I87: 8278 | J87: 911.744 | K87: 10484.6 | L87: 9729.355 | M87: 2982.6 | N87: =SUM(C87:M87) -> 37330.617 | O87: =N87+'59a'!P88+'59a'!G88 -> 432586.58
B88: 40391 | C88: 879.789 | D88: 3432.8 | E88: 1143.61 | F88: 5.342 | G88: 564.9 | H88: 954.974 | I88: 6506.287 | J88: 717.341 | K88: 8882.5 | L88: 10003.3 | M88: 9828.4 | N88: =SUM(C88:M88) -> 42919.243 | O88: =N88+'59a'!P89+'59a'!G89 -> 446100.81
B89: 40422 | C89: 263.7 | D89: 2874.1 | E89: 1113.3 | F89: 99.6 | G89: 4673.5 | H89: 922.7 | I89: 5513.6 | J89: 2293.7 | K89: 17485.4 | L89: 10073.8 | M89: =12924.1+574.7 -> 13498.8 | N89: =SUM(C89:M89) -> 58812.2 | O89: =N89+'59a'!P90+'59a'!G90 -> 559899.7
B90: 40452 | C90: 741.5 | D90: 955.6 | E90: 477.1 | F90: 6.7 | G90: 3830.2 | H90: 2992.2 | I90: 10298.6 | J90: 622.4 | K90: 8007.4 | L90: =5874+628.1 -> 6502.1 | M90: 7749.4 | N90: =SUM(C90:M90) -> 42183.2 | O90: =N90+'59a'!P91+'59a'!G91 -> 388730.1
B91: 40483 | C91: 580.3 | D91: =1186.1+1000+1000 -> 3186.1 | E91: 156.1 | F91: 17.8 | G91: 3792.3 | H91: 3459.7 | I91: 4856 | J91: 494.7 | K91: 10209.8 | L91: 2454.5 | M91: 2264.2 | N91: =SUM(C91:M91) -> 31471.5 | O91: =N91+'59a'!P92+'59a'!G92 -> 284141.7
B92: 40513 | C92: 845.3 | D92: 2391.5 | E92: 325.1 | F92: 47.1 | G92: 2499.8 | H92: 2862.3 | I92: 14568.2 | J92: 1287.8 | K92: =21927.8+2530 -> 24457.8 | L92: 1183.9 | M92: 2739 | N92: =SUM(C92:M92) -> 53207.8 | O92: =N92+'59a'!P93+'59a'!G93 -> 354225.4
B93: 2011
B94: 40544 | C94: 675.8 | D94: 896.6 | E94: 293.4 | F94: 62.6 | G94: 2707.5 | H94: 2201.2 | I94: 49787.5 | J94: 1293.2 | K94: =57910.5+590+520+510+510+1180 -> 61220.5 | L94: 1240.1 | M94: 769.9 | N94: =SUM(C94:M94) -> 121148.3 | O94: =N94+'59a'!P95+'59a'!G95 -> 405481.7
B95: 40575 | C95: 580.7 | D95: 830.3 | E95: 191.2 | F95: 8.6 | G95: 943.9 | H95: 4170.7 | I95: 8442.4 | J95: 1328 | K95: =29190.7+860+1969+561.8 -> 32581.5 | L95: 1540.9 | M95: 250.7 | N95: =SUM(C95:M95) -> 50868.9 | O95: =N95+'59a'!P96+'59a'!G96 -> 216548.6
B96: 40603 | C96: 859.1 | D96: =1839.5+640 -> 2479.5 | E96: 162.9 | F96: 53.6 | G96: 369.3 | H96: =13353.6+1522.2+601.9 -> 15477.7 | I96: 11971.4 | J96: 416.1 | K96: =25300.9+1772.6+1376+540+815.4+2090 -> 31894.9 | L96: 1129.1 | M96: 341.1 | N96: =SUM(C96:M96) -> 65154.7 | O96: =N96+'59a'!P97+'59a'!G97 -> 289719
B97: 40634 | C97: 379.5 | D97: 2781.7 | E97: 306.1 | F97: 1.1 | G97: 3298.6 | H97: 505.6 | I97: 8993.5 | J97: 1173 | K97: 20055.8 | L97: 1487.3 | M97: 305.5 | N97: =SUM(C97:M97) -> 39287.7 | O97: =N97+'59a'!P98+'59a'!G98 -> 264597.6
B98: 40664 | C98: 440.3 | D98: 2760.1 | E98: 596.1 | F98: 195.8 | G98: 983.5 | H98: 659.1 | I98: 11632.9 | J98: 4606.9 | K98: 16500.8 | L98: 2501.8 | M98: 975.9 | N98: =SUM(C98:M98) -> 41853.2 | O98: =N98+'59a'!P99+'59a'!G99 -> 313638
B99: 40695 | C99: 554.6 | D99: 1979.5 | E99: 160.7 | F99: 1129.7 | G99: 149.3 | H99: 701 | I99: 8988.3 | J99: 6589.2 | K99: 10196.6 | L99: 7013.6 | M99: 188.2 | N99: =SUM(C99:M99) -> 37650.7 | O99: =N99+'59a'!P100+'59a'!G100 -> 248504.3
B100: 40725 | C100: 379.4 | D100: 2852.8 | E100: 120.9 | F100: 15 | G100: 106.1 | H100: 1933.2 | I100: 18521.5 | J100: 8718.9 | K100: 5695.7 | L100: 1377.1 | M100: 257.5 | N100: =SUM(C100:M100) -> 39978.1 | O100: =N100+'59a'!P101+'59a'!G101 -> 235506.1
B101: 40756 | C101: 264.1 | D101: 1466.1 | E101: 37 | F101: 34.9 | G101: 58.6 | H101: 820 | I101: 10253 | J101: 4796.8 | K101: 8392.5 | L101: 773.7 | M101: 273.3 | N101: =SUM(C101:M101) -> 27170 | O101: =N101+'59a'!P102+'59a'!G102 -> 176135.3
B102: 40787 | C102: 263.7 | D102: 978 | E102: 302.5 | F102: 40.5 | G102: 146.8 | H102: 1088.5 | I102: 4265.7 | J102: 2884.7 | K102: 9441.2 | L102: 886.2 | M102: 1046.8 | N102: =SUM(C102:M102) -> 21344.6 | O102: =N102+'59a'!P103+'59a'!G103 -> 198253.5
B103: 40817 | C103: 278.1 | D103: 508.3 | E103: 153.5 | F103: 25.4 | G103: 97.8 | H103: 293 | I103: 12713.2 | J103: 3184.5 | K103: 2665.5 | L103: 228.2 | M103: 1245.4 | N103: =SUM(C103:M103) -> 21392.9 | O103: =N103+'59a'!P104+'59a'!G104 -> 181580.2
...

Sheet 60a
B2: Financial Sector Statistics | E2: Table (60a) جدول | N2: إحصاءات القطاع المالي
D3: الرقم القياسي لاسعار الاسهم مرجحا بالقيمة السوقية للاسهم الحرة قطاعيا | O3: ( 1999=1000) اغلاق كانون اول
D4: Share Price Index Weighted by Market Capitalization of Free Float Shares by Sectors | O4: Closing December (1000=1999)
C6: القطاع المالي | H6: قطاع الخدمات
C7: Finacial Sector | H7: Services Sector
D8: البنوك | E8: التأمين | F8: خدمات مالية متنوعة | G8: العقارات | I8: الخدمات الصحية | J8: التعليم | K8: الفنادق والسياحة | L8: النقل | M8: التكنولوجيا والاتصالات | N8: الاعلام | O8: الطاقة والمنافع | P8: الخدمات التجارية
D10: Banks | E10: Insurance | F10: Diversified Financial Services | G10: Real Estate | I10: Health Sector | J10: Educational Sector | K10: Hotel and Tourism | L10: Transportation | M10: Technology and Commu-nication | N10: Media | O10: Utilities and Energy | P10: Commercial Sector
B11: الفترة Period
B12: 2004 | C12: 3510.7 | D12: 3407.8 | E12: 2680.2 | F12: 4834.9 | G12: 6136.8 | H12: 1762 | I12: 1804.7 | J12: 1868 | K12: 1385.6 | L12: 1113.6 | M12: 1535.9 | N12: 2382.3 | O12: 3325.2 | P12: 1382.9
B13: 2005 | C13: 6733.6 | D13: 6171.3 | E13: 5738.7 | F13: 16381.5 | G13: 9093.2 | H13: 2259.4 | I13: 1708.4 | J13: 3114.7 | K13: 1972.6 | L13: 2075.4 | M13: 2320.7 | N13: 2921.4 | O13: 3671.4 | P13: 1736.4
B14: 2006 | C14: 4486.3 | D14: 4237.7 | E14: 3715.5 | F14: 8248.8 | G14: 7798.9 | H14: 1833.1 | I14: 1317.4 | J14: 2611.9 | K14: 1915.8 | L14: 1126.3 | M14: 1738.4 | N14: 2134.5 | O14: 2955.7 | P14: 1721.8
B15: 2007 | C15: 5131 | D15: 5122.2 | E15: 3690.1 | F15: 9149 | G15: 7823.7 | H15: 2460.3 | I15: 961.8 | J15: 3280.4 | K15: 2181.9 | L15: 1363.1 | M15: 2392.7 | N15: 3858.9 | O15: 4699.7 | P15: 1889.5
B16: 2008 | C16: 3609.1 | D16: 4196.3 | E16: 3231.1 | F16: 4796.2 | G16: 3879 | H16: 2025.6 | I16: 881.7 | J16: 3275.9 | K16: 1997.5 | L16: 850 | M16: 1726 | N16: 3031.6 | O16: 3863.5 | P16: 1490.4
B17: 2009 | C17: 3026.8 | D17: 3646.8 | E17: 2838 | F17: 3618.3 | G17: 3131 | H17: 2107.9 | I17: 821.1 | J17: 2643 | K17: 1784.1 | L17: 914 | M17: 1792 | N17: 2806.7 | O17: 4795.5 | P17: 1557.9
B18: 2010 | C18: 2911.7 | D18: 3926.5 | E18: 2330.1 | F18: 2803.7 | G18: 2339.6 | H18: 1897.2 | I18: 949.2 | J18: 2636.3 | K18: 1602 | L18: 743 | M18: 1780.2 | N18: 2485.5 | O18: 4414.8 | P18: 1005.7
B19: 2011 | C19: 2443.9 | D19: 3475.3 | E19: 2089.8 | F19: 1580.7 | G19: 1939.5 | H19: 1693.7 | I19: 873.8 | J19: 2619.1 | K19: 1409.4 | L19: 445.2 | M19: 1829.8 | N19: 1556.2 | O19: 4075.1 | P19: 944.9
B20: 2012 | C20: 2363.6 | D20: 3407.64 | E20: 1887.2 | F20: 1653 | G20: 1658.8 | H20: 1651.1 | I20: 900 | J20: 2952.3 | K20: 1294.3 | L20: 467 | M20: 1753.7 | N20: 856.8 | O20: 4017.9 | P20: 770
B21: 2013 | C21: 2703.9 | D21: 3888.8 | E21: 1793.2 | F21: 1944.2 | G21: 2026.2 | H21: 1664.8 | I21: 962.7 | J21: 3586.5 | K21: 1218.5 | L21: 451.9 | M21: 1356.7 | N21: 607.7 | O21: 4140.7 | P21: 909.8
B22: 2014 | C22: 2920.9 | D22: 4286.5 | E22: 1976.3 | F22: 1835.9 | G22: 2072.3 | H22: 1794.8 | I22: 975.5 | J22: 4052.7 | K22: 1257.6 | L22: 487.2 | M22: 1161.4 | N22: 419.5 | O22: 4677.5 | P22: 1080.6
B23: 2015 | C23: 2906.17 | D23: 4249.67 | E23: 2064.58 | F23: 1695.49 | G23: 2194.43 | H23: 1726.73 | I23: 966.63 | J23: 4012.3 | K23: 1040.51 | L23: 404.04 | M23: 1161.43 | N23: 189.7 | O23: 4803.09 | P23: 1026.97
... B27: 2019 | C27: 2449.96 | D27: 3648.25 | E27: 1997.35 | F27: 1342.8 | G27: 1464.22 | H27: 1293.04 | I27: 912.62 | J27: 2165.39 | K27: 981.06 | L27: 286.32 | M27: 433.21 | N27: 52.33 | O27: 3995.16 | P27: 1116.51
B28: 2020* | C28: 2171.6535 | D28: 3153.6908 | E28: 1988.9734 | F28: 1338.7847 | G28: 1491.3996 | H28: 1148.015 | I28: 787.14807 | J28: 2282.6059 | K28: 812.42332 | L28: 256.5813 | M28: 465.54321 | N28: 50.149751 | O28: 3303.478 | P28: 1035.8546
B29: 2021 | C29: 2604.4637 | D29: 3894.8389 | E29: 1929.0361 | F29: 1363.2141 | G29: 1679.804 | H29: 1327.4205 | I29: 750.50685 | J29: 2549.0987 | K29: 797.21255 | L29: 294.69071 | M29: 603.79094 | N29: 50.149751 | O29: 4199.6043 | P29: 953.532
B30: 2022 | C30: 2692.23 | D30: 4130.91 | E30: 1843.58 | F30: 1179.12 | G30: 1488.11 | H30: 1740.81 | I30: 1124.78 | J30: 2579.88 | K30: 793.96 | L30: 271.93 | M30: 626.22 | N30: 50.15 | O30: 6873.63 | P30: 808.41
B31: 2023 | C31: 2728.97 | D31: 4152.92 | E31: 1820.31 | F31: 1265.23 | G31: 1666.93 | H31: 1644.03 | I31: 1161.14 | J31: 2387.17 | K31: 797.13 | L31: 298.2 | M31: 682.58 | N31: 50.15 | O31: 6226.58 | P31: 757.34
B32: 2024 | C32: 2650.97 | D32: 4033.33 | E32: 1990.1 | F32: 1147.84 | G32: 1608.44 | H32: 1693.32 | I32: 1038.72 | J32: 2407.64 | K32: 718.79 | L32: 259.76 | M32: 755.32 | N32: 50.15 | O32: 6681.77 | P32: 680.15
B33: 2025 | C33: 3775.55 | D33: 5877.2 | E33: 2341.01 | F33: 1186.95 | G33: 2174.11 | H33: 2172.31 | I33: 1069.63 | J33: 2991.15 | K33: 776.76 | L33: 394.31 | M33: 823.58 | N33: 50.15 | O33: 9155.37 | P33: 686.83
B34: 2006
B35: 38899 | C35: 4838.9 | D35: 4442.8 | E35: 4228.9 | F35: 9801.7 | G35: 8126.2 | H35: 1940.5 | I35: 1314.5 | J35: 2568.6 | K35: 2143.1 | L35: 1397.3 | M35: - | N35: 2217.3 | O35: 3145.6 | P35: 1589.4
B36: 38930 | C36: 5135.5 | D36: 4548 | E36: 4122.8 | F36: 11067 | G36: 9595.1 | H36: 1960.2 | I36: 1363.1 | J36: 2420 | K36: 2158.8 | L36: 1420.6 | M36: - | N36: 2347.2 | O36: 3238 | P36: 1739.1
B37: 38961 | C37: 4982 | D37: 4523.6 | E37: 4048.1 | F37: 9840.7 | G37: 9445.5 | H37: 1931.6 | I37: 1372.7 | J37: 2526.4 | K37: 2103.5 | L37: 1414.9 | M37: - | N37: 2262.6 | O37: 3085.7 | P37: 1816.7
B38: 38991 | C38: 5073 | D38: 4575.4 | E38: 4121.5 | F38: 10222.9 | G38: 9627 | H38: 1901.8 | I38: 1373.1 | J38: 2516.8 | K38: 2028.6 | L38: 1259.6 | M38: 1860.8 | N38: 2249.9 | O38: 3083.4 | P38: 1738
B39: 39022 | C39: 4591.5 | D39: 4138 | E39: 3843.8 | F39: 9187.8 | G39: 8716.2 | H39: 1828.7 | I39: 1367.3 | J39: 2627.6 | K39: 1920.5 | L39: 1128.3 | M39: 1725.7 | N39: 2160.8 | O39: 2918.4 | P39: 1695.9
B40: 39052 | C40: 4486.3 | D40: 4237.7 | E40: 3715.5 | F40: 8248.8 | G40: 7798.9 | H40: 1833.1 | I40: 1317.4 | J40: 2611.9 | K40: 1915.8 | L40: 1126.3 | M40: 1738.4 | N40: 2134.5 | O40: 2955.7 | P40: 1721.8
B41: 2007
B42: 39083 | C42: 4846 | D42: 4663.3 | E42: 3877.8 | F42: 8496.5 | G42: 8382.4 | H42: 1987.3 | I42: 1294 | J42: 2754.6 | K42: 2042.2 | L42: 1231.8 | M42: 1940.9 | N42: 2550.4 | O42: 3288 | P42: 1695.5
B43: 39114 | C43: 5036.1 | D43: 4812.3 | E43: 3912.8 | F43: 9085.8 | G43: 8782.2 | H43: 2137.4 | I43: 1522.1 | J43: 3080.6 | K43: 2200.4 | L43: 1326.3 | M43: 2067.5 | N43: 2555.8 | O43: 3491.1 | P43: 1705.5
B44: 39142 | C44: 4819.6 | D44: 4643.6 | E44: 3782.8 | F44: 8541.3 | G44: 8270.2 | H44: 2084.5 | I44: 1433.7 | J44: 2984 | K44: 2159.9 | L44: 1323.4 | M44: 2033.8 | N44: 2660.4 | O44: 3342.8 | P44: 1740
B45: 39173 | C45: 4609.6 | D45: 4510.9 | E45: 3685.2 | F45: 7670 | G45: 7864.4 | H45: 2053.9 | I45: 1230.2 | J45: 3181.4 | K45: 2123.7 | L45: 1228.5 | M45: 1856.5 | N45: 2931.5 | O45: 3317.5 | P45: 1664.8
B46: 39203 | C46: 4578.1 | D46: 4416.8 | E46: 3623.3 | F46: 7698.6 | G46: 8167 | H46: 2057.1 | I46: 1199.8 | J46: 3317.3 | K46: 2125.9 | L46: 1325.1 | M46: 1827 | N46: 2938.1 | O46: 3191.2 | P46: 1804.3
B47: 39234 | C47: 4586.9 | D47: 4452.8 | E47: 3672.1 | F47: 7623.5 | G47: 8060.2 | H47: 2154.8 | I47: 1299 | J47: 3945.4 | K47: 2087.5 | L47: 1369.1 | M47: 1793.3 | N47: 2983.8 | O47: 3275.9 | P47: 1852.2
B48: 39264 | C48: 4440.1 | D48: 4269.5 | E48: 3569.9 | F48: 7374.4 | G48: 8053.5 | H48: 2146 | I48: 1208.3 | J48: 3893.9 | K48: 2104 | L48: 1357.7 | M48: 1770 | N48: 3308.7 | O48: 3271.7 | P48: 1749
B49: 39295 | C49: 4340.3 | D49: 4158.3 | E49: 3490.9 | F49: 7395.2 | G49: 7801 | H49: 2057.9 | I49: 1067.2 | J49: 3724.6 | K49: 2070.6 | L49: 1226.8 | M49: 1784.9 | N49: 3310.3 | O49: 3061.6 | P49: 1725.5
B50: 39326 | C50: 4515.8 | D50: 4261.3 | E50: 3588 | F50: 8205.6 | G50: 8112.4 | H50: 2043.7 | I50: 1032 | J50: 3557.8 | K50: 2078.1 | L50: 1209.1 | M50: 1802.2 | N50: 3224.1 | O50: 3049.6 | P50: 1921.3
B51: 39356 | C51: 5007.5 | D51: 4772 | E51: 3576.9 | F51: 9339.2 | G51: 8759.1 | H51: 2176.9 | I51: 1035.9 | J51: 3495.3 | K51: 2134.1 | L51: 1338.1 | M51: 1925.6 | N51: 3757.3 | O51: 3498 | P51: 1855.1
B52: 39387 | C52: 5008.9 | D52: 4893.2 | E52: 3568 | F52: 9203.8 | G52: 8117 | H52: 2209.8 | I52: 1021 | J52: 3271.2 | K52: 2083.7 | L52: 1383.4 | M52: 2206.3 | N52: 3736.8 | O52: 3640 | P52: 1812.3
B53: 39417 | C53: 5131 | D53: 5122.2 | E53: 3690.1 | F53: 9149 | G53: 7823.7 | H53: 2460.3 | I53: 961.8 | J53: 3280.4 | K53: 2181.9 | L53: 1363.1 | M53: 2392.7 | N53: 3858.9 | O53: 4699.7 | P53: 1889.5
B54: 2008
B55: 39448 | C55: 5258.7 | D55: 5319.5 | E55: 3670 | F55: 9083.8 | G55: 8017.3 | H55: 2659.5 | I55: 971.9 | J55: 3349 | K55: 2211.7 | L55: 1330.3 | M55: 2337.2 | N55: 4084.3 | O55: 5769.3 | P55: 1871.7
B56: 39479 | C56: 5237 | D56: 5395.1 | E56: 3644 | F56: 8661.8 | G56: 5885.7 | H56: 2808.1 | I56: 1043.3 | J56: 3396.7 | K56: 2154.7 | L56: 1316.2 | M56: 2560 | N56: 4148.4 | O56: 6506.7 | P56: 1798
B57: 39508 | C57: 4997.1 | D57: 4995.5 | E57: 3582.8 | F57: 8450.4 | G57: 8002.1 | H57: 2850.3 | I57: 1110.8 | J57: 3005.8 | K57: 2174.5 | L57: 1368 | M57: 2462.7 | N57: 4012.6 | O57: 6986.5 | P57: 1743
B58: 39539 | C58: 5054.7 | D58: 5028.5 | E58: 3613.1 | F58: 8474.4 | G58: 8282.2 | H58: 3085.3 | I58: 996.7 | J58: 3061.6 | K58: 2260.7 | L58: 1418.6 | M58: 2407.4 | N58: 3796.4 | O58: 8218 | P58: 1743.4
B59: 39569 | C59: 5223.17 | D59: 5182.13 | E59: 3770.72 | F59: 8800 | G59: 8564.39 | H59: 3239.52 | I59: 1073.99 | J59: 3038 | K59: 2279.41 | L59: 1369.47 | M59: 2634.92 | N59: 3761.67 | O59: 8895.83 | P59: 1886.46
B60: 39600 | C60: 5559 | D60: 5578.4 | E60: 4179 | F60: 9824.2 | G60: 8318.8 | H60: 3366.7 | I60: 1101.4 | J60: 3146.6 | K60: 2408.5 | L60: 1460.6 | M60: 2511.3 | N60: 3964.5 | O60: 9141.9 | P60: 2364.8
B61: 39630 | C61: 5573.8 | D61: 5748.3 | E61: 4011.9 | F61: 9447.2 | G61: 8077.6 | H61: 3070.1 | I61: 1026.9 | J61: 3161.3 | K61: 2315.8 | L61: 1376.7 | M61: 2418.5 | N61: 3911.9 | O61: 7830.3 | P61: 2215.8
B62: 39661 | C62: 5450.15 | D62: 5563.64 | E62: 4001.04 | F62: 9380.92 | G62: 7986.63 | H62: 2950.09 | I62: 985.16 | J62: 3118.18 | K62: 2323.36 | L62: 1389.91 | M62: 2331.94 | N62: 3768.75 | O62: 7291.56 | P62: 2127.31
B63: 39692 | C63: 5093.5 | D63: 5286.9 | E63: 3929.55 | F63: 8757.61 | G63: 6999.79 | H63: 2717.35 | I63: 977.03 | J63: 2994.7 | K63: 2267.87 | L63: 1343.03 | M63: 2199.83 | N63: 3721.28 | O63: 6307.98 | P63: 2036.42
B64: 39722 | C64: 4352.17 | D64: 4784.21 | E64: 3461.1 | F64: 6568.83 | G64: 5480.44 | H64: 2157.71 | I64: 868.17 | J64: 2712.73 | K64: 2135.31 | L64: 1140.98 | M64: 1817.89 | N64: 3398.86 | O64: 4198.39 | P64: 1794.12
B65: 39753 | C65: 3735.1 | D65: 4217.1 | E65: 3327.3 | F65: 5121.9 | G65: 4420.4 | H65: 1996.2 | I65: 805.8 | J65: 2895.8 | K65: 1859.2 | L65: 873 | M65: 1856.7 | N65: 2972.4 | O65: 3950.4 | P65: 1551.7
B66: 39783 | C66: 3609.1 | D66: 4196.3 | E66: 3231.1 | F66: 4796.2 | G66: 3879 | H66: 2025.6 | I66: 881.7 | J66: 3275.9 | K66: 1997.5 | L66: 850 | M66: 1726 | N66: 3031.6 | O66: 3863.5 | P66: 1490.4
B67: 2009
B68: 39814 | C68: 3524.2 | D68: 4063.9 | E68: 3091.5 | F68: 4609.6 | G68: 4016.6 | H68: 1949.1 | I68: 770.8 | J68: 2952 | K68: 1927.3 | L68: 888.7 | M68: 1742.8 | N68: 2664.4 | O68: 3791.8 | P68: 1341.5
B69: 39845 | C69: 3447.22 | D69: 3851.56 | E69: 3096.99 | F69: 4670.77 | G69: 4259.83 | H69: 1859.54 | I69: 758.32 | J69: 2890.48 | K69: 1852.87 | L69: 820.61 | M69: 1742.77 | N69: 2910.19 | O69: 3414.59 | P69: 1428.54
B70: 39873 | C70: 3447.22 | D70: 3712.22 | E70: 3126.32 | F70: 4986.53 | G70: 4551.38 | H70: 2044.67 | I70: 843.3 | J70: 2943.22 | K70: 1848.25 | L70: 860.68 | M70: 1893.04 | N70: 2653.87 | O70: 4164.29 | P70: 1732.05
B71: 39904 | C71: 3572.34 | D71: 3760.6 | E71: 3214.1 | F71: 5861.48 | G71: 4509.37 | H71: 2029.37 | I71: 803.82 | J71: 2766.1 | K71: 1859.1 | L71: 927.62 | M71: 1767.12 | N71: 2635.58 | O71: 4191.3 | P71: 1714.17
B72: 39934 | C72: 3619.3 | D72: 3988.7 | E72: 3237.1 | F72: 5186.8 | G72: 4474.6 | H72: 2032.9 | I72: 778.6 | J72: 2664.4 | K72: 1845.5 | L72: 895.5 | M72: 1756.2 | N72: 2570.9 | O72: 4356 | P72: 1672.2
B73: 39965 | C73: 3407.9 | D73: 3879.7 | E73: 3077.2 | F73: 4569.8 | G73: 3957.9 | H73: 2052.6 | I73: 775.9 | J73: 2649.8 | K73: 1895.3 | L73: 822 | M73: 1784.1 | N73: 2597.8 | O73: 4512.4 | P73: 1582
B74: 39995 | C74: 3209 | D74: 3700.9 | E74: 2870.4 | F74: 4264.7 | G74: 3600.7 | H74: 1984.6 | I74: 766.8 | J74: 2461.9 | K74: 1833.4 | L74: 748.2 | M74: 1786.7 | N74: 2597.5 | O74: 4422.8 | P74: 1517.1
B75: 40026 | C75: 3117.2 | D75: 3702 | E75: 2755.5 | F75: 3988.4 | G75: 3257 | H75: 1972.6 | I75: 779.8 | J75: 2467.5 | K75: 1738.9 | L75: 796.5 | M75: 1759.5 | N75: 2555.7 | O75: 4430.3 | P75: 1475.2
B76: 40057 | C76: 3389.6 | D76: 3786.7 | E76: 2938.5 | F76: 4822.9 | G76: 4028.3 | H76: 2029.1 | I76: 807.5 | J76: 2467.6 | K76: 1765.3 | L76: 883.6 | M76: 1835.8 | N76: 2559.4 | O76: 4433.8 | P76: 1752
B77: 40087 | C77: 3257 | D77: 3786.9 | E77: 2861.7 | F77: 4420 | G77: 3507.6 | H77: 2077 | I77: 853.7 | J77: 2421.5 | K77: 1777.9 | L77: 962.9 | M77: 1804.2 | N77: 2653.1 | O77: 4665.7 | P77: 1610.8
B78: 40118 | C78: 3135 | D78: 3688.7 | E78: 2860.8 | F78: 4057.4 | G78: 3337.8 | H78: 2111.8 | I78: 861.1 | J78: 2509.5 | K78: 1820.7 | L78: 903.8 | M78: 1818.5 | N78: 2883.8 | O78: 4838.7 | P78: 1542.3
B79: 40148 | C79: 3026.8 | D79: 3646.8 | E79: 2838 | F79: 3618.3 | G79: 3131 | H79: 2107.9 | I79: 821.1 | J79: 2643 | K79: 1784.1 | L79: 914 | M79: 1792 | N79: 2806.7 | O79: 4795.5 | P79: 1557.9
B80: 2010
B81: 40179 | C81: 3011.6 | D81: 3645.9 | E81: 2756.3 | F81: 3521 | G81: 3151.1 | H81: 2097.2 | I81: 792.2 | J81: 2547 | K81: 1857.1 | L81: 908.4 | M81: 1848.8 | N81: 2907 | O81: 4802.2 | P81: 1318
B82: 40210 | C82: 2972.1 | D82: 3655.5 | E82: 2663.2 | F82: 3458.8 | G82: 2944.5 | H82: 2051.5 | I82: 796.1 | J82: 2630 | K82: 1873.3 | L82: 874.4 | M82: 1868.6 | N82: 2481.1 | O82: 4645.2 | P82: 1210.6
B83: 40238 | C83: 3029.3 | D83: 3589.6 | E83: 2718 | F83: 3928.5 | G83: 3142.4 | H83: 2100.2 | I83: 806.3 | J83: 2744 | K83: 1884.1 | L83: 911.2 | M83: 1859.5 | N83: 2699.8 | O83: 4635.1 | P83: 1441.8
B84: 40269 | C84: 3166.1 | D84: 3699 | E84: 2695 | F84: 4378.6 | G84: 3310.9 | H84: 2042.6 | I84: 802.5 | J84: 2538.9 | K84: 1788.3 | L84: 881.6 | M84: 1784 | N84: 2489.9 | O84: 4581.4 | P84: 1543.8
B85: 40299 | C85: 2947 | D85: 3625.4 | E85: 2606.1 | F85: 3689.6 | G85: 2728.8 | H85: 1969.1 | I85: 774.5 | J85: 2506.2 | K85: 1790.3 | L85: 793.4 | M85: 1697 | N85: 2531 | O85: 4489.2 | P85: 1330.3
B86: 40330 | C86: 2871.31 | D86: 3651.24 | E86: 2514.8 | F86: 3412.87 | G86: 2415.29 | H86: 1932.83 | I86: 834.47 | J86: 2486.46 | K86: 1707.71 | L86: 754.54 | M86: 1717.35 | N86: 2291.81 | O86: 4456.75 | P86: 1311.78
B87: 40360 | C87: 2875.98 | D87: 3635.08 | E87: 2455.6 | F87: 3439.28 | G87: 2504.64 | H87: 1944.52 | I87: 837.79 | J87: 2518.22 | K87: 1784.17 | L87: 763.67 | M87: 1724.79 | N87: 2314.78 | O87: 4384.66 | P87: 1340.42
B88: 40391 | C88: 2756.87 | D88: 3565.18 | E88: 2391.45 | F88: 3079.56 | G88: 2295.32 | H88: 1928.39 | I88: 842.48 | J88: 2461.59 | K88: 1796.19 | L88: 752.89 | M88: 1721.77 | N88: 2323.96 | O88: 4285.15 | P88: 1396.74
B89: 40422 | C89: 2818.4 | D89: 3619.7 | E89: 2342.9 | F89: 3203.4 | G89: 2427.8 | H89: 1967.2 | I89: 893.3 | J89: 2500.2 | K89: 1778.7 | L89: 825.2 | M89: 1755 | N89: 2321.7 | O89: 4354.9 | P89: 1414.9
B90: 40452 | C90: 2853.3 | D90: 3761.5 | E90: 2350.7 | F90: 3065.7 | G90: 2287.3 | H90: 1939.6 | I90: 927 | J90: 2566.2 | K90: 1668.2 | L90: 738.4 | M90: 1751.9 | N90: 2443.2 | O90: 4460.7 | P90: 1305.4
B91: 40483 | C91: 2884.2 | D91: 3869 | E91: 2265.2 | F91: 2894.7 | G91: 2305.7 | H91: 1922.3 | I91: 954.2 | J91: 2650 | K91: 1614.3 | L91: 758 | M91: 1780 | N91: 2623.3 | O91: 4422.6 | P91: 1104.9
B92: 40513 | C92: 2911.7 | D92: 3926.5 | E92: 2330.1 | F92: 2803.7 | G92: 2339.6 | H92: 1897.2 | I92: 949.2 | J92: 2636.3 | K92: 1602 | L92: 743 | M92: 1780.2 | N92: 2485.5 | O92: 4414.8 | P92: 1005.7
B93: 2011
B94: 40544 | C94: 2906 | D94: 3978.4 | E94: 2332.7 | F94: 2702.8 | G94: 2213.8 | H94: 1895.3 | I94: 934.3 | J94: 2555.5 | K94: 1546.5 | L94: 764.7 | M94: 1876.2 | N94: 2424.9 | O94: 4424.1 | P94: 967.2
B95: 40575 | C95: 2739.2 | D95: 3866.2 | E95: 2247.3 | F95: 2205.3 | G95: 1966.2 | H95: 1866.7 | I95: 924.9 | J95: 2556.9 | K95: 1548.8 | L95: 716.8 | M95: 1886.1 | N95: 2412 | O95: 4342.1 | P95: 927.3
B96: 40603 | C96: 2699.9 | D96: 3787.1 | E96: 2298.2 | F96: 2224.1 | G96: 1940.6 | H96: 1776.7 | I96: 863.9 | J96: 2661.9 | K96: 1475.5 | L96: 688.7 | M96: 1886.1 | N96: 2039.7 | O96: 3950.3 | P96: 923
B97: 40634 | C97: 2731.5 | D97: 3765.7 | E97: 2335.6 | F97: 2294.3 | G97: 2142.5 | H97: 1770.1 | I97: 871.9 | J97: 2594.8 | K97: 1503.2 | L97: 678.4 | M97: 1800.1 | N97: 1958.2 | O97: 3963.6 | P97: 1005.9
B98: 40664 | C98: 2740.9 | D98: 3795.7 | E98: 2337.2 | F98: 2263.8 | G98: 2127.5 | H98: 1718.9 | I98: 890.7 | J98: 2650.3 | K98: 1534.5 | L98: 662.3 | M98: 1747.1 | N98: 1802.8 | O98: 3624.9 | P98: 1057.3
B99: 40695 | C99: 2655 | D99: 3735 | E99: 2321.9 | F99: 1946.4 | G99: 2047.4 | H99: 1677.7 | I99: 932 | J99: 2603.9 | K99: 1502 | L99: 646 | M99: 1853 | N99: 1900.7 | O99: 3436.9 | P99: 924.9
B100: 40725 | C100: 2635.5 | D100: 3709.5 | E100: 2305.8 | F100: 1825.6 | G100: 2112.8 | H100: 1653.7 | I100: 899.6 | J100: 2535.7 | K100: 1495 | L100: 614.2 | M100: 1869.5 | N100: 1911.9 | O100: 3336.13 | P100: 1006.5
B101: 40756 | C101: 2608.1 | D101: 3666.9 | E101: 2379.1 | F101: 1846 | G101: 2033.2 | H101: 1608 | I101: 881.5 | J101: 2544 | K101: 1493.8 | L101: 550.2 | M101: 1853 | N101: 1670.3 | O101: 3173.7 | P101: 1094.8
B102: 40787 | C102: 2549 | D102: 3593.2 | E102: 2200.3 | F102: 1807.2 | G102: 1998.7 | H102: 1560.7 | I102: 862.8 | J102: 2494.6 | K102: 1465 | L102: 511 | M102: 1793.4 | N102: 1643.6 | O102: 3062.6 | P102: 1100.9
B103: 40817 | C103: 2519.8 | D103: 3542.7 | E103: 2133.4 | F103: 1758.3 | G103: 2046.4 | H103: 1654.2 | I103: 870.3 | J103: 2514.2 | K103: 1435.8 | L103: 486.2 | M103: 1819.9 | N103: 1421.1 | O103: 3772.5 | P103: 1029.6
B104: 40848 | C104: 2439.3 | D104: 3443.3 | E104: 2088.4 | F104: 1628.2 | G104: 1980.7 | H104: 1635.6 | I104: 842.1 | J104: 2538.8 | K104: 1398.2 | L104: 458.3 | M104: 1806.7 | N104: 1471.2 | O104: 3789.6 | P104: 948.3
B105: 40878 | C105: 2443.9 | D105: 3475.3 | E105: 2089.8 | F105: 1580.7 | G105: 1939.5 | H105: 1693.7 | I105: 873.8 | J105: 2619.1 | K105: 1409.4 | L105: 445.2 | M105: 1829.8 | N105: 1556.2 | O105: 4075.1 | P105: 944.9
B106: 2012
...

Sheet 60b
B2: Financial Sector Statistics | E2: Table (60b) جدول | N2: إحصاءات القطاع المالي
D3: الرقم القياسي لاسعار الاسهم مرجحا بالقيمة السوقية للاسهم الحرة قطاعيا | O3: ( 1999=1000) اغلاق كانون اول
D4: Share Price Index Weighted by Market Capitalization of Free Float Shares by Sectors | O4: Closing December (1000=1999)
C6: قطاع الصناعة
C7: Industrial Sector | O7: الرقم القياسي العام | P7: التغير النسبي %
D8: الادوية والصناعات الطبية | E8: الصناعات الكيماوية | F8: صناعات الورق والكرتون | G8: الطباعة والتغليف | H8: الاغذية والمشروبات | I8: التبغ والسجائر | J8: الصناعات الاستخراجية والتعدينية | K8: الصناعات الهندسية والانشائية | L8: الصناعات الكهربائية | M8: الملابس والجلود والنسيج | N8: الصناعات الزجاجية والخزفية
O9: General Index | P9: Percentage Change %
D10: Pharmace-utical and Medical Industries | E10: Chemical Industries | F10: Paper and Cartoon Industries | G10: Printing and Packaging | H10: Food and Beverages | I10: Tobacco and Cigarettes | J10: Mining and Extraction Industries | K10: Engineering and Construction | L10: Electrical Industries | M10: Textile, Leather and Clothings | N10: Glass and Ceramic Industries
B11: الفترة Period
B12: 2004 | C12: 2344.5 | D12: 3153 | E12: 1667.1 | F12: 1234.5 | G12: 2514.3 | H12: 1660.7 | I12: 3503.3 | J12: 2607.1 | K12: 3009.2 | L12: 4538.6 | M12: 1507.7 | N12: 2887.1 | O12: 2729.1 | P12: 54.9
B13: 2005 | C13: 2815.6 | D13: 3325.4 | E13: 2054.6 | F13: 1442.9 | G13: 2055.3 | H13: 2246.3 | I13: 4140.8 | J13: 2702 | K13: 3365.7 | L13: 9907.7 | M13: 3124.7 | N13: 2300 | O13: 4259.7 | P13: 56.1
B14: 2006 | C14: 2372.3 | D14: 2609.2 | E14: 1727.8 | F14: 1283.6 | G14: 2026 | H14: 2103.5 | I14: 2566 | J14: 2535.7 | K14: 3139.9 | L14: 7794.8 | M14: 2078.1 | N14: 1181.3 | O14: 3013.7 | P14: -29.3
B15: 2007 | C15: 3097.7 | D15: 2374.6 | E15: 1952.8 | F15: 1262.8 | G15: 2487.1 | H15: 2146.8 | I15: 2487.8 | J15: 4311.8 | K15: 3362.1 | L15: 8864.8 | M15: 2554.7 | N15: 1467.4 | O15: 3675 | P15: 21.943126
B16: 2008 | C16: 2736 | D16: 1914.1 | E16: 1464.1 | F16: 803.6 | G16: 1539.6 | H16: 2308.4 | I16: 1608.3 | J16: 4380 | K16: 2915.7 | L16: 5883.8 | M16: 2050.2 | N16: 1050.1 | O16: 2758.4 | P16: -24.9
B17: 2009 | C17: 2738.8 | D17: 1994.6 | E17: 1639.1 | F17: 517.3 | G17: 1459 | H17: 1924.4 | I17: 2065.9 | J17: 4587.1 | K17: 1973.4 | L17: 4909.7 | M17: 1965.9 | N17: 978.9 | O17: 2533.5 | P17: -8.2
B18: 2010 | C18: 2576.6 | D18: 2070.5 | E18: 1530 | F18: 350.5 | G18: 1418.6 | H18: 1509.5 | I18: 2659.1 | J18: 4210.9 | K18: 1915.2 | L18: 3717.4 | M18: 1928.6 | N18: 735.2 | O18: 2373.6 | P18: -6.3
B19: 2011 | C19: 2149.9 | D19: 1656.6 | E19: 1338.7 | F19: 223.6 | G19: 1431.3 | H19: 1315.2 | I19: 3176.2 | J19: 3397 | K19: 1819.6 | L19: 1909.3 | M19: 1982.4 | N19: 660.5 | O19: 1995.1 | P19: -15.9
B20: 2012 | C20: 2176.6 | D20: 1100.6 | E20: 1455.5 | F20: 227.4 | G20: 1918 | H20: 1120.9 | I20: 5220.7 | J20: 3391.5 | K20: 2004.2 | L20: 1344.6 | M20: 1921.6 | N20: 870.4 | O20: 1957.6 | P20: -1.9
B21: 2013 | C21: 1964.9 | D21: 1341.3 | E21: 1786.4 | F21: 122.8 | G21: 2118.4 | H21: 1161.5 | I21: 9363.9 | J21: 2247.2 | K21: 2233.6 | L21: 1921.2 | M21: 1953.4 | N21: 993.7 | O21: 2065.8 | P21: 5.5
B22: 2014 | C22: 1852 | D22: 2236.8 | E22: 2065.5 | F22: 94.7 | G22: 3062.3 | H22: 1349.9 | I22: 7732 | J22: 1960.1 | K22: 2044.1 | L22: 1847.7 | M22: 1828.9 | N22: 1096.8 | O22: 2165.5 | P22: 4.8
B23: 2015 | C23: 1848.84 | D23: 1731.42 | E23: 1646.77 | F23: 73.21 | G23: 3251.02 | H23: 1605.07 | I23: 10935.42 | J23: 1782.45 | K23: 1538.3 | L23: 1348.64 | M23: 1927.9 | N23: 1162.4 | O23: 2136.32 | P23: -1.3
... B27: 2019 | C27: 1856.97 | D27: 853.56 | E27: 1199.4 | F27: 57.3 | G27: 5540.81 | H27: 1589.93 | I27: 18118.21 | J27: 1446.62 | K27: 455.47 | L27: 952.58 | M27: 1497.7 | N27: 1162.4169 | O27: 1815.2 | P27: -4.9041026
B28: 2020* | C28: 2119.7159 | D28: 960.11579 | E28: 1516.2704 | F28: 57.318788 | G28: 5540.808 | H28: 1746.7111 | I28: 25391.573 | J28: 1585.3501 | K28: 463.28746 | L28: 1069.3327 | M28: 1330.9254 | N28: 1162.4169 | O28: 1657.2223 | P28: -8.7030467
B29: 2021 | C29: 3665.8923 | D29: 1069.5628 | E29: 1794.767 | F29: 57.318788 | G29: 5540.808 | H29: 1896.5374 | I29: 14003.837 | J29: 3588.9432 | K29: 666.77053 | L29: 1145.1112 | M29: 1289.6404 | N29: 1162.4169 | O29: 2118.6494 | P29: 27.843404
B30: 2022 | C30: 5292.28 | D30: 945.46 | E30: 1599.48 | F30: 57.32 | G30: 5540.81 | H30: 1512.71 | I30: 7424.11 | J30: 6068.27 | K30: 564.25 | L30: 885.83 | M30: 1260.2 | N30: 1162.42 | O30: 2501.6 | P30: 18.075223
B31: 2023 | C31: 4718.69 | D31: 1037.6 | E31: 1409.08 | F31: 57.32 | G31: 5540.81 | H31: 1464.35 | I31: 8136.01 | J31: 5154.02 | K31: 658.18 | L31: 984.77 | M31: 1271.97 | N31: 1162.42 | O31: 2431.21 | P31: -2.8137992
B32: 2024 | C32: 5531.31 | D32: 1011.21 | E32: 1589.68 | F32: 57.32 | G32: 5540.81 | H32: 1408.69 | I32: 1423.8 | J32: 6280.7 | K32: 896.98 | L32: 1422.71 | M32: 1189.53 | N32: 1162.42 | O32: 2488.76 | P32: 2.3671341
B33: 2025 | C33: 8872.85 | D33: 1060.7 | E33: 1831.72 | F33: 57.32 | G33: 5540.81 | H33: 1385.65 | I33: 854.28 | J33: 11134.79 | K33: 927.6 | L33: 3115.24 | M33: 1690.08 | N33: 1162.42 | O33: 3611.62 | P33: 45.117247
B34: 2006
B35: 38899 | C35: 2388 | D35: 2772.5 | E35: 1780.3 | F35: 1497.7 | G35: 1751.5 | H35: 2103.7 | I35: 2729.6 | J35: 2485.2 | K35: 2918.2 | L35: 7536 | M35: 2299 | N35: 1439.4 | O35: 3218.5 | P35: 6.8
B36: 38930 | C36: 2468 | D36: 2753.9 | E36: 1899 | F36: 1415.4 | G36: 1792.9 | H36: 2110 | I36: 2774.8 | J36: 2624.9 | K36: 2902.8 | L36: 8095 | M36: 2322.8 | N36: 1567.3 | O36: 3369.4 | P36: 4.7
B37: 38961 | C37: 2471.5 | D37: 2642.1 | E37: 1921.3 | F37: 1372.1 | G37: 2113.8 | H37: 2136.3 | I37: 2967.9 | J37: 2640.7 | K37: 3175.1 | L37: 7815.1 | M37: 2200.2 | N37: 1625.4 | O37: 3279.4 | P37: -2.7
B38: 38991 | C38: 2423.3 | D38: 2618.9 | E38: 2007.9 | F38: 1330.4 | G38: 2232.9 | H38: 2102.5 | I38: 2768.7 | J38: 2583.5 | K38: 2999.3 | L38: 7742.6 | M38: 2211.2 | N38: 1411.2 | O38: 3305.6 | P38: 0.8
B39: 39022 | C39: 2338.5 | D39: 2513.5 | E39: 1820.2 | F39: 1292.2 | G39: 2069.2 | H39: 2135.9 | I39: 2560.8 | J39: 2512.8 | K39: 2881.3 | L39: 7841.1 | M39: 1968.4 | N39: 1337.4 | O39: 3044.4 | P39: -7.9
B40: 39052 | C40: 2372.3 | D40: 2609.2 | E40: 1727.8 | F40: 1283.6 | G40: 2026 | H40: 2103.5 | I40: 2566 | J40: 2535.7 | K40: 3139.9 | L40: 7794.8 | M40: 2078.1 | N40: 1181.3 | O40: 3013.7 | P40: -1
B41: 2007
B42: 39083 | C42: 2510.3 | D42: 2718.5 | E42: 1948.8 | F42: 1254.4 | G42: 2358.2 | H42: 2230.5 | I42: 2526 | J42: 2704.5 | K42: 3181.2 | L42: 8544.2 | M42: 2190.8 | N42: 1270.8 | O42: 3256.2 | P42: =O42/O40*100-100 -> 8.0465873
B43: 39114 | C43: 2620.5 | D43: 2872.2 | E43: 1851.3 | F43: 1290.7 | G43: 2283.8 | H43: 2212.8 | I43: 2733 | J43: 2879.3 | K43: 3314.8 | L43: 8536.4 | M43: 2308.6 | N43: 1201.4 | O43: 3408.5 | P43: =O43/O42*100-100 -> 4.6772311
B44: 39142 | C44: 2557 | D44: 2686.2 | E44: 1871.7 | F44: 1321.6 | G44: 2203.9 | H44: 2105.9 | I44: 2733 | J44: 2830 | K44: 2830 | L44: 8545.2 | M44: 2225 | N44: 1168.3 | O44: 3247 | P44: =O44/O43*100-100 -> -4.7381546
B45: 39173 | C45: 2511.4 | D45: 2594.9 | E45: 1840.1 | F45: 1232.2 | G45: 2218.4 | H45: 2035.6 | I45: 2583.4 | J45: 2796.1 | K45: 3099.4 | L45: 8642.2 | M45: 2215.7 | N45: 1135.2 | O45: 3155.8 | P45: =O45/O44*100-100 -> -2.8087465
B46: 39203 | C46: 2484.7 | D46: 2525.3 | E46: 1752.9 | F46: 1227.5 | G46: 2117.5 | H46: 2147.8 | I46: 2407.7 | J46: 2741.7 | K46: 3250.4 | L46: 8829.4 | M46: 2194.6 | N46: 1454.1 | O46: 3133 | P46: =O46/O45*100-100 -> -0.72247924
B47: 39234 | C47: 2539.4 | D47: 2631.3 | E47: 1846.3 | F47: 1222.1 | G47: 2089.9 | H47: 2186.8 | I47: 2376.4 | J47: 2846.1 | K47: 3249.2 | L47: 8795.6 | M47: 2133.9 | N47: 1270.3 | O47: 3172.8 | P47: =O47/O46*100-100 -> 1.2703479
B48: 39264 | C48: 2516.9 | D48: 2525.6 | E48: 1855.6 | F48: 1224.8 | G48: 2237.7 | H48: 2285 | I48: 2366.8 | J48: 2820.4 | K48: 3328.1 | L48: 8723.9 | M48: 2112.9 | N48: 1209 | O48: 3100.2 | P48: =O48/O47*100-100 -> -2.2881997
B49: 39295 | C49: 2449.2 | D49: 2395.8 | E49: 1679 | F49: 1272.5 | G49: 2149.4 | H49: 2237.4 | I49: 2248.5 | J49: 2763.4 | K49: 3201.8 | L49: 8885.7 | M49: 2074.4 | N49: 1116.9 | O49: 3022.1 | P49: =O49/O48*100-100 -> -2.5191923
B50: 39326 | C50: 2507.2 | D50: 2338.6 | E50: 1753.9 | F50: 1248.2 | G50: 2042.3 | H50: 2181.2 | I50: 2255.5 | J50: 2868.9 | K50: 3372.9 | L50: 9196.1 | M50: 2132.2 | N50: 1180.4 | O50: 3108.2 | P50: =O50/O49*100-100 -> 2.8490123
B51: 39356 | C51: 2779.7 | D51: 2447.9 | E51: 2076.7 | F51: 1241.6 | G51: 2605.1 | H51: 2241.3 | I51: 2466.9 | J51: 3348.6 | K51: 3424.8 | L51: 9724.4 | M51: 2295.5 | N51: 1346.3 | O51: 3447.9 | P51: =O51/O50*100-100 -> 10.929155
B52: 39387 | C52: 2724.2 | D52: 2342.2 | E52: 2021.1 | F52: 1189.8 | G52: 2494 | H52: 2171.1 | I52: 2367.7 | J52: 3368.3 | K52: 3393.4 | L52: 8639.9 | M52: 2501.9 | N52: 1287.2 | O52: 3443.8 | P52: =O52/O51*100-100 -> -0.11891296
B53: 39417 | C53: 3097.7 | D53: 2374.6 | E53: 1952.8 | F53: 1262.8 | G53: 2487.1 | H53: 2146.8 | I53: 2487.8 | J53: 4311.8 | K53: 3362.1 | L53: 8864.8 | M53: 2554.7 | N53: 1467.4 | O53: 3675 | P53: =O53/O52*100-100 -> 6.7135141
B54: 2008
B55: 39448 | C55: 3197.9 | D55: 2395.8 | E55: 1943.4 | F55: 1288.2 | G55: 2425.5 | H55: 2234.6 | I55: 2378.1 | J55: 4546.6 | K55: 3255.8 | L55: 9063.8 | M55: 2766.1 | N55: 1418.7 | O55: 3835 | P55: =O55/O53*100-100 -> 4.3537415
B56: 39479 | C56: 3673 | D56: 2479.2 | E56: 1915.7 | F56: 1303.6 | G56: 2498.1 | H56: 2497.8 | I56: 2268.7 | J56: 5778.9 | K56: 3342.1 | L56: 9257.2 | M56: 2729.4 | N56: 1301.6 | O56: 3987.9 | P56: =O56/O55*100-100 -> 3.9869622
B57: 39508 | C57: 3842.6 | D57: 2384.2 | E57: 1836.5 | F57: 1256.4 | G57: 2201.2 | H57: 2300.1 | I57: 1995.2 | J57: 6423.2 | K57: 3301.3 | L57: 8799.3 | M57: 2708.7 | N57: 1206.1 | O57: 3925.6 | P57: =O57/O56*100-100 -> -1.5622257
B58: 39539 | C58: 4341.1 | D58: 2397.9 | E58: 1781.6 | F58: 1267.8 | G58: 2056.2 | H58: 2331.4 | I58: 1915.2 | J58: 7839.9 | K58: 3229.3 | L58: 8493.9 | M58: 2612.2 | N58: 1168.7 | O58: 4145.7 | P58: =O58/O57*100-100 -> 5.6067862
B59: 39569 | C59: 4747.85 | D59: 2458.65 | E59: 1833.19 | F59: 1282.45 | G59: 2061.4 | H59: 2556.82 | I59: 2081.2 | J59: 8701.66 | K59: 3479.39 | L59: 9388.79 | M59: 2670.12 | N59: 1223.77 | O59: 4363.79 | P59: =O59/O58*100-100 -> 5.2606315
B60: 39600 | C60: 5660 | D60: 2341.3 | E60: 2027.3 | F60: 1264.1 | G60: 2007.9 | H60: 2595.7 | I60: 2101.3 | J60: 10989.5 | K60: 3791 | L60: 10286.1 | M60: 2726.6 | N60: 1362.1 | O60: 4772.3 | P60: =O60/O59*100-100 -> 9.3613579
B61: 39630 | C61: 5406.9 | D61: 2305.9 | E61: 2423.5 | F61: 1245.3 | G61: 1925.6 | H61: 2578.9 | I61: 1925.3 | J61: 10374.6 | K61: 3529.7 | L61: 9906.3 | M61: 2636.8 | N61: 1419.3 | O61: 4629.5 | P61: =O61/O60*100-100 -> -2.9922679
B62: 39661 | C62: 4735.55 | D62: 2257.37 | E62: 2369.12 | F62: 1176.55 | G62: 1812.04 | H62: 2490.29 | I62: 1870.08 | J62: 8677.82 | K62: 3286.98 | L62: 9828.27 | M62: 2485.69 | N62: 1437.23 | O62: 4370.72 | P62: =O62/O61*100-100 -> -5.5898045
B63: 39692 | C63: 4423.85 | D63: 2167.35 | E63: 2078.54 | F63: 1068.17 | G63: 1819.44 | H63: 2509.7 | I63: 1970.35 | J63: 7842.85 | K63: 3364.53 | L63: 9246.07 | M63: 2466.71 | N63: 1443.41 | O63: 4073.81 | P63: =O63/O62*100-100 -> -6.7931599
B64: 39722 | C64: 2917.39 | D64: 1987.41 | E64: 1689.32 | F64: 934.8 | G64: 1599.71 | H64: 2478.92 | I64: 1798.73 | J64: 4615.95 | K64: 2949.17 | L64: 7300.76 | M64: 2104 | N64: 1098.18 | O64: 3172.14 | P64: =O64/O63*100-100 -> -22.133335
B65: 39753 | C65: 2606 | D65: 1820.2 | E65: 1561.2 | F65: 847.8 | G65: 1539.5 | H65: 2355.4 | I65: 1575.4 | J65: 4079.8 | K65: 2789.8 | L65: 6573.3 | M65: 1831.2 | N65: 1050.1 | O65: 2767.2 | P65: =O65/O64*100-100 -> -12.765515
B66: 39783 | C66: 2736 | D66: 1914.1 | E66: 1464.1 | F66: 803.6 | G66: 1539.6 | H66: 2308.4 | I66: 1608.3 | J66: 4380 | K66: 2915.7 | L66: 5883.8 | M66: 2050.2 | N66: 1050.1 | O66: 2758.4 | P66: =O66/O65*100-100 -> -0.31801099
B67: 2009
B68: 39814 | C68: 2746.1 | D68: 1843 | E68: 1546.9 | F68: 908.9 | G68: 1554.8 | H68: 2209.1 | I68: 1658.6 | J68: 4526.6 | K68: 2768.1 | L68: 5061 | M68: 2160 | N68: 991 | O68: 2704 | P68: =O68/O66*100-100 -> -1.9721578
B69: 39845 | C69: 2629.38 | D69: 1848.31 | E69: 1488.96 | F69: 1008.43 | G69: 1473.89 | H69: 2053.08 | I69: 1460.03 | J69: 4280.01 | K69: 2854.61 | L69: 4856.16 | M69: 2103.05 | N69: 968.29 | O69: 2616.42 | P69: =O69/O68*100-100 -> -3.2389053
B70: 39873 | C70: 2788.69 | D70: 1848.57 | E70: 1492.1 | F70: 930.22 | G70: 1490.3 | H70: 2015.46 | I70: 1483.77 | J70: 4698.97 | K70: 2930.6 | L70: 4966.07 | M70: 2136.41 | N70: 948.78 | O70: 2708.15 | P70: =O70/O69*100-100 -> 3.5059356
B71: 39904 | C71: 2672 | D71: 1839.81 | E71: 1510.9 | F71: 869.38 | G71: 1520.68 | H71: 1875.66 | I71: 1756.77 | J71: 4297.51 | K71: 3027.61 | L71: 5191.44 | M71: 2096.8 | N71: 1007.33 | O71: 2736.5 | P71: =O71/O70*100-100 -> 1.0468401
B72: 39934 | C72: 3117.8 | D72: 1805.1 | E72: 1447.5 | F72: 816 | G72: 1530.4 | H72: 1847 | I72: 1874.1 | J72: 5587.6 | K72: 2589.8 | L72: 5330.9 | M72: 1996.6 | N72: 1078 | O72: 2864.6 | P72: =O72/O71*100-100 -> 4.6811621
B73: 39965 | C73: 2935.3 | D73: 1978.9 | E73: 1430 | F73: 756 | G73: 1465.9 | H73: 1826.8 | I73: 1911.1 | J73: 5084.1 | K73: 2220.8 | L73: 5790 | M73: 1964.1 | N73: 1170.7 | O73: 2735.2 | P73: =O73/O72*100-100 -> -4.5172101
B74: 39995 | C74: 2885.2 | D74: 1938.7 | E74: 1466.2 | F74: 732.1 | G74: 1399.9 | H74: 1801.4 | I74: 1963.6 | J74: 5043.1 | K74: 2037.96 | L74: 5183.5 | M74: 1865.8 | N74: 1130.8 | O74: 2618.8 | P74: =O74/O73*100-100 -> -4.2556303
B75: 40026 | C75: 2868.1 | D75: 1969.2 | E75: 1533.2 | F75: 791.3 | G75: 1369.8 | H75: 1891.7 | I75: 1860.5 | J75: 4953.6 | K75: 1989.4 | L75: 5312.3 | M75: 1895.8 | N75: 1632.3 | O75: 2564.5 | P75: =O75/O74*100-100 -> -2.0734688
B76: 40057 | C76: 2791.9 | D76: 1966.7 | E76: 1684 | F76: 800.9 | G76: 1445.4 | H76: 1887.1 | I76: 2036.2 | J76: 4631.4 | K76: 2183.1 | L76: 5425.1 | M76: 1972.3 | N76: 1649.7 | O76: 2688.2 | P76: =O76/O75*100-100 -> 4.8235523
B77: 40087 | C77: 2656 | D77: 2003.5 | E77: 1652.3 | F77: 713 | G77: 1446.1 | H77: 1968.5 | I77: 2036.4 | J77: 4306 | K77: 2064.1 | L77: 5111 | M77: 1931.2 | N77: 1542.7 | O77: 2615.9 | P77: =O77/O76*100-100 -> -2.689532
B78: 40118 | C78: 2721.2 | D78: 1979.6 | E78: 1687.6 | F78: 710.6 | G78: 1424.1 | H78: 1860.8 | I78: 2063 | J78: 4519.3 | K78: 1996.8 | L78: 4977.6 | M78: 1940.1 | N78: 1349.9 | O78: 2583.5 | P78: =O78/O77*100-100 -> -1.2385795
B79: 40148 | C79: 2738.8 | D79: 1994.6 | E79: 1639.1 | F79: 517.3 | G79: 1459 | H79: 1924.4 | I79: 2065.9 | J79: 4587.1 | K79: 1973.4 | L79: 4909.7 | M79: 1965.9 | N79: 978.9 | O79: 2533.5 | P79: =O79/O78*100-100 -> -1.935359
B80: 2010
B81: 40179 | C81: 2752.4 | D81: 1998.7 | E81: 1589.8 | F81: 496.6 | G81: 1427.8 | H81: 1849.5 | I81: 2141.2 | J81: 4660.4 | K81: 1889.5 | L81: 4755.5 | M81: 1982.7 | N81: 856.3 | O81: 2525.1 | P81: =O81/O79*100-100 -> -0.33155713
B82: 40210 | C82: 2659.6 | D82: 1976.3 | E82: 1566.6 | F82: 416.4 | G82: 1385.1 | H82: 1761.8 | I82: 2171.9 | J82: 4457.3 | K82: 1831.4 | L82: 4603.4 | M82: 1996.8 | N82: 751.6 | O82: 2470.9 | P82: =O82/O81*100-100 -> -2.1464496
B83: 40238 | C83: 2685.5 | D83: 1954 | E83: 1567.6 | F83: 444.5 | G83: 1454.1 | H83: 1665.4 | I83: 2004.3 | J83: 4554 | K83: 1983.6 | L83: 4601.1 | M83: 2030.1 | N83: 838.1 | O83: 2517.7 | P83: =O83/O82*100-100 -> 1.8940467
B84: 40269 | C84: 2734.8 | D84: 2061.2 | E84: 1544.8 | F84: 634.6 | G84: 1478.5 | H84: 1624.3 | I84: 2277.8 | J84: 4580.3 | K84: 2052.9 | L84: 4560.2 | M84: 2015.7 | N84: 861.9 | O84: 2575.5 | P84: =O84/O83*100-100 -> 2.2957461
B85: 40299 | C85: 2531.5 | D85: 2009.5 | E85: 1534 | F85: 481.1 | G85: 1461.4 | H85: 1602.9 | I85: 2413.9 | J85: 4022.1 | K85: 1999.3 | L85: 4419.7 | M85: 1937.9 | N85: 748.3 | O85: 2401.6 | P85: =O85/O84*100-100 -> -6.752087
B86: 40330 | C86: 2483.48 | D86: 2015.77 | E86: 1511.48 | F86: 397.41 | G86: 1424.44 | H86: 1466.27 | I86: 2283.85 | J86: 3951.11 | K86: 1995.56 | L86: 4255.27 | M86: 1972.86 | N86: 821.24 | O86: 2348.56 | P86: =O86/O85*100-100 -> -2.2085276
B87: 40360 | C87: 2422.68 | D87: 1991.38 | E87: 1562.04 | F87: 401.86 | G87: 1371.04 | H87: 1495.37 | I87: 2337.09 | J87: 3749.85 | K87: 1968.78 | L87: 4097.41 | M87: 1938.54 | N87: 1395.47 | O87: 2334.77 | P87: =O87/O86*100-100 -> -0.58716831
B88: 40391 | C88: 2329.9 | D88: 1977.76 | E88: 1519.78 | F88: 435.99 | G88: 1366.05 | H88: 1531.01 | I88: 2338.69 | J88: 3514.83 | K88: 1923.98 | L88: 3666.33 | M88: 1902.13 | N88: 1865.08 | O88: 2249 | P88: =O88/O87*100-100 -> -3.6735953
B89: 40422 | C89: 2389.4 | D89: 1995.2 | E89: 1535 | F89: 424.9 | G89: 1474.8 | H89: 1481 | I89: 2436.6 | J89: 3687.9 | K89: 1936.1 | L89: 3448.9 | M89: 1989.6 | N89: 1592.4 | O89: 2306.5 | P89: =O89/O88*100-100 -> 2.5566919
B90: 40452 | C90: 2469 | D90: 2063.5 | E90: 1496.7 | F90: 381.1 | G90: 1408.7 | H90: 1563.5 | I90: 2664.8 | J90: 3926.3 | K90: 1878.4 | L90: 3339.1 | M90: 1942.9 | N90: 1045.7 | O90: 2335.6 | P90: =O90/O89*100-100 -> 1.2616519
B91: 40483 | C91: 2490.1 | D91: 2133 | E91: 1493.3 | F91: 363.7 | G91: 1424.2 | H91: 1600.4 | I91: 2634.6 | J91: 3961.2 | K91: 1903.5 | L91: 3394.9 | M91: 1931.7 | N91: 809.3 | O91: 2354.6 | P91: =O91/O90*100-100 -> 0.81349546
B92: 40513 | C92: 2576.6 | D92: 2070.5 | E92: 1530 | F92: 350.5 | G92: 1418.6 | H92: 1509.5 | I92: 2659.1 | J92: 4210.9 | K92: 1915.2 | L92: 3717.4 | M92: 1928.6 | N92: 735.2 | O92: 2373.6 | P92: =O92/O91*100-100 -> 0.80693111
B93: 2011
B94: 40544 | C94: 2568.4 | D94: 2005.9 | E94: 1492.6 | F94: 316.1 | G94: 1451.4 | H94: 1540.9 | I94: 2779.1 | J94: 4129.3 | K94: 1883.9 | L94: 4068.7 | M94: 1922.3 | N94: 721.8 | O94: 2373.8 | P94: =O94/O92*100-100 -> 0.0084260195
B95: 40575 | C95: 2427.5 | D95: 2047.1 | E95: 1477.3 | F95: 297.9 | G95: 1396 | H95: 1468.7 | I95: 3515.5 | J95: 3718 | K95: 1845.9 | L95: 3226.4 | M95: 1921.6 | N95: 587.2 | O95: 2251.7 | P95: =O95/O94*100-100 -> -5.1436515
B96: 40603 | C96: 2293.3 | D96: 2049.9 | E96: 1443 | F96: 278.8 | G96: 1290.8 | H96: 1432.1 | I96: 2931.4 | J96: 3520 | K96: 1786.3 | L96: 2887.9 | M96: 1939.2 | N96: 506 | O96: 2175.6 | P96: =O96/O95*100-100 -> -3.3796687
B97: 40634 | C97: 2360.5 | D97: 1961.3 | E97: 1443.9 | F97: 299.5 | G97: 1353.4 | H97: 1449.2 | I97: 3204.4 | J97: 3671.7 | K97: 1813.3 | L97: 3045.2 | M97: 1907.2 | N97: 545 | O97: 2198 | P97: =O97/O96*100-100 -> 1.029601
B98: 40664 | C98: 2285.8 | D98: 2027.1 | E98: 1407.6 | F98: 289.8 | G98: 1735.3 | H98: 1457.6 | I98: 2841.9 | J98: 3519.9 | K98: 1913.9 | L98: 2712.7 | M98: 1921.3 | N98: 628.1 | O98: 2159.8 | P98: =O98/O97*100-100 -> -1.7379436
B99: 40695 | C99: 2219 | D99: 1947 | E99: 1390 | F99: 228 | G99: 1820.6 | H99: 1448.1 | I99: 2903.2 | J99: 3471.7 | K99: 1929.4 | L99: 2266 | M99: 1795.4 | N99: 509.4 | O99: 2093.5 | P99: =O99/O98*100-100 -> -3.0697287
B100: 40725 | C100: 2256.9 | D100: 1933.5 | E100: 1343 | F100: 246 | G100: 1830.6 | H100: 1454.3 | I100: 2982.5 | J100: 3549.3 | K100: 1964.9 | L100: 2352.3 | M100: 1854.4 | N100: 455.6 | O100: 2082.8 | P100: =O100/O99*100-100 -> -0.5111058
B101: 40756 | C101: 2197.2 | D101: 1923.8 | E101: 1348.2 | F101: 220.9 | G101: 1763.9 | H101: 1449.3 | I101: 2824.8 | J101: 3410.3 | K101: 1914.9 | L101: 2399.4 | M101: 1815.8 | N101: 506.7 | O101: 2036.4 | P101: =O101/O100*100-100 -> -2.2277703
B102: 40787 | C102: 2144.8 | D102: 1974.3 | E102: 1342.3 | F102: 291.2 | G102: 1445.5 | H102: 1420.6 | I102: 2818.7 | J102: 3297.8 | K102: 1865.6 | L102: 2100.9 | M102: 1813 | N102: 669.5 | O102: 1991.6 | P102: =O102/O101*100-100 -> -2.1999607
B103: 40817 | C103: 2154.6 | D103: 1940.5 | E103: 1335.2 | F103: 238 | G103: 1441.7 | H103: 1407.7 | I103: 2915.6 | J103: 3399.4 | K103: 1792.1 | L103: 1897.1 | M103: 1777.6 | N103: 634.8 | O103: 2018.2 | P103: =O103/O102*100-100 -> 1.3356096
B104: 40848 | C104: 2101.8 | D104: 1585.8 | E104: 1323.4 | F104: 223.7 | G104: 1469 | H104: 1407.7 | I104: 3105.4 | J104: 3359.8 | K104: 1784.6 | L104: 1823.7 | M104: 1751.9 | N104: 578.1 | O104: 1964.2 | P104: =O104/O103*100-100 -> -2.6756516
B105: 40878 | C105: 2149.9 | D105: 1656.6 | E105: 1338.7 | F105: 223.6 | G105: 1431.3 | H105: 1315.2 | I105: 3176.2 | J105: 3397 | K105: 1819.6 | L105: 1909.3 | M105: 1982.4 | N105: 660.5 | O105: 1995.1 | P105: =O105/O104*100-100 -> 1.5731596
...

Sheet 61
B3: Financial Sector Statistics | D3: Table (61) جدول | K3: إحصاءات القطاع المالي
D4: الرقم القياسي لاسعار الاسهم مرجحا بالقيمة السوقية لرأس المال | K4: ( 1999=1000) اغلاق كانون اول
D5: Share Price Index Weighted By Market Value of Capital | K5: Closing December (1000=1999)
C7: البنوك والشركات المالية | E7: شركات التأمين | G7: شركات الخدمات | I7: شركات الصناعة والتعدين | K7: الرقم القياسي العام
C8: Banks and Financial Institutions | E8: Insurance Companies | G8: Services Companies | I8: Manufacturing and Mining Companies | K8: General Index
C9: الرقم القياسي | D9: التغير النسبي | E9: الرقم القياسي | F9: التغير النسبي | G9: الرقم القياسي | H9: التغير النسبي | I9: الرقم القياسي | J9: التغير النسبي | K9: الرقم القياسي | L9: التغير النسبي
C10: Index Number | D10: Percentage Change | E10: Index Number | F10: Percentage Change | G10: Index Number | H10: Percentage Change | I10: Index Number | J10: Percentage Change | K10: Index Number | L10: Percentage Change
B11: الفترة Period
B12: 2000 | C12: 1987.3 | D12: -21.119492 | E12: 1197.4 | F12: -3.2336297 | G12: 998.1 | H12: -9.7649186 | I12: 751.5 | J12: -21.829522 | K12: 1330.5 | L12: -20.489845
B13: 2001 | C13: 2752 | D13: 38.500252 | E13: 1332 | F13: 11.278195 | G13: 1093.9 | H13: 9.6192385 | I13: 917.2 | J13: 21.941489 | K13: 1727.2 | L13: 29.752066
B14: 2002 | C14: 2556.6 | D14: -7.0857558 | E14: 1499.3 | F14: 12.537538 | G14: 1060.2 | H14: -3.1078611 | I14: 1016.1 | J14: 10.796074 | K14: 1700.2 | L14: -1.5634047
B15: 2003 | C15: 4433.6 | D15: 73.4 | E15: 2287.6 | F15: 52.6 | G15: 1266.7 | H15: 19.5 | I15: 1481.6 | J15: 45.9 | K15: 2614.5 | L15: 53.8
B16: 2004 | C16: 7230.9 | D16: 63.078484 | E16: 3726.9 | F16: 62.888986 | G16: 1874.4 | H16: 47.940016 | I16: 2526.9 | J16: 70.512821 | K16: 4245.6 | L16: 62.355641
B17: 2005 | C17: 16892 | D17: 133.60854 | E17: 7382.4 | F17: 98.084199 | G17: 3332.5 | H17: 77.790226 | I17: 2903.4 | J17: 14.899679 | K17: 8191.5 | L17: 92.940927
B18: 2006 | C18: 10704.7 | D18: -36.628582 | E18: 4156.3 | F18: -43.699881 | G18: 2286.6 | H18: -31.384846 | I18: 2507.6 | J18: -13.632293 | K18: 5518.1 | L18: -32.636269
B19: 2007 | C19: 13886.7 | D19: 29.725261 | E19: 4900.4 | F19: 17.902943 | G19: 2740.3 | H19: 19.841686 | I19: 4565.5 | J19: 82.066518 | K19: 7519.3 | L19: 36.266106
B20: 2008 | C20: 11380.1 | D20: -18.050365 | E20: 3821.3 | F20: -22.020651 | G20: 1865.6 | H20: -31.919863 | I20: 4560.1 | J20: -0.11827839 | K20: 6243.1 | L20: -16.972325
B21: 2009 | C21: 9368 | D21: -17.7 | E21: 3943.6 | F21: 3.2 | G21: 1700.6 | H21: -8.8 | I21: 4563.2 | J21: 0.1 | K21: 5520.1 | L21: -11.580785
B22: 2010 | C22: 8848.3 | D22: -5.5476089 | E22: 2103.5 | F22: -46.660412 | G22: 1506.4 | H22: -11.419499 | I22: 4841.7 | J22: 6.1031732 | K22: 5318 | L22: -3.6611656
B23: 2011 | C23: 7542.3 | D23: -14.759897 | E23: 1703.7 | F23: -19.006418 | G23: 1302.1 | H23: -13.562135 | I23: 4427.4 | J23: -8.5569118 | K23: 4648.4 | L23: -12.5912
... B31: 2019 | C31: 7095.6459 | D31: -13.950194 | E31: 1282.5083 | F31: -6.8288589 | G31: 735.73319 | H31: -7.6662201 | I31: 2613.1627 | J31: 13.056949 | K31: 3513.7611 | L31: -7.4617203
B32: 2020* | C32: 5410.6412 | D32: -23.747023 | E32: 1309.1805 | F32: 2.0796942 | G32: 704.24352 | H32: -4.2800402 | I32: 2818.025 | J32: 7.8396321 | K32: 3049.5746 | L32: -13.210531
B33: 2021 | C33: 6566.3726 | D33: 21.36034 | E33: 1328.3496 | F33: 1.4642048 | G33: 782.37514 | H33: 11.094404 | I33: 4700.4878 | J33: 66.800785 | K33: 4005.2714 | L33: 31.338694
B34: 2022 | C34: 6753.66 | D34: 2.8522206 | E34: 1331.66 | F34: 0.24921053 | G34: 852.07 | H34: 8.9081134 | I34: 6882.07 | J34: 46.411825 | K34: 4730.37 | L34: 18.103607
B35: 2023 | C35: 6735.62 | D35: -0.26711442 | E35: 1284.93 | F35: -3.509154 | G35: 878.63 | H35: 3.1171148 | I35: 5706.68 | J35: -17.079018 | K35: 4416.32 | L35: -6.6390156
B36: 2024 | C36: 6553.27 | D36: =C36/C35*100-100 -> -2.7072489 | E36: 1376.04 | F36: =E36/E35*100-100 -> 7.0906586 | G36: 863.65 | H36: =G36/G35*100-100 -> -1.704927 | I36: 6739.07 | J36: =I36/I35*100-100 -> 18.090904 | K36: 4633.56 | L36: =K36/K35*100-100 -> 4.9190276
B37: 2025 | C37: 9443.64 | D37: =C37/C36*100-100 -> 44.105767 | E37: 1783.24 | F37: =E37/E36*100-100 -> 29.592163 | G37: 1087.75 | H37: =G37/G36*100-100 -> 25.948011 | I37: 11403.03 | J37: =I37/I36*100-100 -> 69.207769 | K37: 7056.03 | L37: =K37/K36*100-100 -> 52.280968
B38: 2000
B39: 36526 | C39: 244.3 | D39: -3 | E39: 122.9 | F39: - | G39: 112.3 | H39: 1.5 | I39: 93 | J39: -3.3 | K39: 162.6 | L39: -2.9
B40: 36557 | C40: 239.7 | D40: -1.9 | E40: 124.4 | F40: 1.2205045 | G40: 111.1 | H40: -1.1 | I40: 90.4 | J40: -2.8 | K40: 159.3 | L40: -2
B41: 36586 | C41: 230.1 | D41: -5.8125256 | E41: 122.4 | F41: -1.607717 | G41: 106.1 | H41: -5.5209261 | I41: 87.9 | J41: -5.483871 | K41: 153.6 | L41: -5.5350554
B42: 36617 | C42: 218.6 | D42: -5 | E42: 120.2 | F42: -1.7973856 | G42: 103.4 | H42: -2.5 | I42: 84.4 | J42: -4 | K42: 146.5 | L42: -4.6
B43: 36647 | C43: 224.8 | D43: 2.8 | E43: 114.8 | F43: -4.4925125 | G43: 102.5 | H43: -0.9 | I43: 82 | J43: -2.8 | K43: 147.7 | L43: 0.8
B44: 36678 | C44: 212.2 | D44: -5.6049822 | E44: 114.8 | F44: 0 | G44: 108.8 | H44: 6.1463415 | I44: 82.5 | J44: 0.6097561 | K44: 143.2 | L44: -3.0467163
B45: 36708 | C45: 211.4 | D45: -0.37700283 | E45: 117.8 | F45: 2.6132404 | G45: 101.9 | H45: -6.3419118 | I45: 76.1 | J45: -7.7575758 | K45: 139 | L45: -2.9329609
B46: 36739 | C46: 202.5 | D46: -4.2100284 | E46: 117.4 | F46: -0.33955857 | G46: 98.4 | H46: -3.4347399 | I46: 75.2 | J46: -1.1826544 | K46: 134.5 | L46: -3.2374101
B47: 36770 | C47: 197.5 | D47: -2.4691358 | E47: 120 | F47: 2.2146508 | G47: 99 | H47: 0.6097561 | I47: 75.5 | J47: 0.39893617 | K47: 132.7 | L47: -1.33829
B48: 36800 | C48: 205.1 | D48: 3.8481013 | E48: 121.4 | F48: 1.1666667 | G48: 99.8 | H48: 0.80808081 | I48: 75.7 | J48: 0.26490066 | K48: 136 | L48: 2.4868124
B49: 36831 | C49: 201.1 | D49: -1.9502682 | E49: 122.7 | F49: 1.0708402 | G49: 99.9 | H49: 0.1002004 | I49: 75.3 | J49: -0.52840159 | K49: 134.2 | L49: -1.3235294
B50: 36861 | C50: 198.7 | D50: -1.1934361 | E50: 119.7 | F50: -2.4449878 | G50: 99.8 | H50: -0.1001001 | I50: 75.2 | J50: -0.13280212 | K50: 133.1 | L50: -0.81967213
B51: 2001
B52: 36892 | C52: 207.7 | D52: 4.5 | E52: 125.7 | F52: 5.0125313 | G52: 99.7 | H52: -0.1 | I52: 75.2 | J52: 0 | K52: 136.7 | L52: 2.7
B53: 36923 | C53: 208.6 | D53: 0.4 | E53: 123.1 | F53: -2.0684169 | G53: 99.1 | H53: -0.1 | I53: 77 | J53: 2.4 | K53: 137.9 | L53: 0.9
B54: 36951 | C54: 209.7 | D54: 0.52732502 | E54: 125.9 | F54: 2.2745735 | G54: 100.2 | H54: 1.1099899 | I54: 76.9 | J54: -0.12987013 | K54: 138.5 | L54: 0.4350979
B55: 36982 | C55: 206.2 | D55: -1.7 | E55: 146.4 | F55: 16.282764 | G55: 100.4 | H55: 0.2 | I55: 74.2 | J55: -3.5 | K55: 136.1 | L55: -1.7
B56: 37012 | C56: 222 | D56: 7.6624636 | E56: 140.9 | F56: -3.7568306 | G56: 99.9 | H56: -0.49800797 | I56: 72.4 | J56: -2.425876 | K56: 141 | L56: 3.6002939
B57: 37043 | C57: 219.7 | D57: -1.036036 | E57: 136.9 | F57: -2.8388928 | G57: 102.4 | H57: 2.5025025 | I57: 72.9 | J57: 0.69060773 | K57: 140.9 | L57: -0.070921986
B58: 37073 | C58: 228.6 | D58: 4.0509786 | E58: 145.5 | F58: 6.2819576 | G58: 102.4 | H58: 0 | I58: 73.4 | J58: 0.68587106 | K58: 144.7 | L58: 2.6969482
B59: 37104 | C59: 236.7 | D59: 3.5433071 | E59: 144 | F59: -1.0309278 | G59: 103.4 | H59: 0.9765625 | I59: 77.4 | J59: 5.4495913 | K59: 149.9 | L59: 3.593642
B60: 37135 | C60: 249.9 | D60: 9.3175853 | E60: 137.3 | F60: -4.6527778 | G60: 103.4 | H60: 0.9765625 | I60: 77.2 | J60: 5.1771117 | K60: 154.7 | L60: 6.91085
B61: 37165 | C61: 277 | D61: 10.844338 | E61: 133.4 | F61: -2.8404953 | G61: 105.3 | H61: 1.8375242 | I61: 78.9 | J61: 2.2020725 | K61: 166.2 | L61: 7.4337427
B62: 37196 | C62: 288 | D62: 3.9711191 | E62: 135.1 | F62: 1.2743628 | G62: 107.7 | H62: 2.2792023 | I62: 83 | J62: 5.1964512 | K62: 172.9 | L62: 4.0312876
B63: Dec | C63: 275.2 | D63: -4.4444444 | E63: 133.2 | F63: -1.4063657 | G63: 109.4 | H63: 1.5784587 | I63: 91.7 | J63: 10.481928 | K63: 172.7 | L63: -0.1156738
B64: 2002
B65: 37257 | C65: 276.2 | D65: 0.36337209 | E65: 132.8 | F65: -0.3003003 | G65: 113.7 | H65: 3.9305302 | I65: 96.1 | J65: 4.7982552 | K65: 176 | L65: 1.910828
B66: 37288 | C66: 272.9 | D66: -1.1947864 | E66: 133.5 | F66: 0.52710843 | G66: 113 | H66: -0.61565523 | I66: 94 | J66: -2.1852237 | K66: 173.6 | L66: -1.3636364
B67: 37316 | C67: 264.8 | D67: -2.9681202 | E67: 141.6 | F67: 6.0674157 | G67: 111.2 | H67: -1.5929204 | I67: 97.6 | J67: 3.8297872 | K67: 172.2 | L67: -0.80645161
B68: 37347 | C68: 254.4 | D68: -3.9274924 | E68: 139.6 | F68: -1.4124294 | G68: 107.1 | H68: -3.6870504 | I68: 92.7 | J68: -5.0204918 | K68: 165 | L68: -4.1811847
B69: 37377 | C69: 262.1 | D69: 3.0267296 | E69: 140.5 | F69: 0.64469914 | G69: 112.3 | H69: 4.8552754 | I69: 102.3 | J69: 10.355987 | K69: 173.8 | L69: 5.3333333
B70: 37408 | C70: 274.1 | D70: 4.5784052 | E70: 142.2 | F70: 1.2099644 | G70: 117.1 | H70: 4.2742654 | I70: 114.6 | J70: 12.02346 | K70: 185.4 | L70: 6.6743383
B71: 37438 | C71: 273.1 | D71: -0.36483035 | E71: 145.2 | F71: 2.1097046 | G71: 115.4 | H71: -1.4517506 | I71: 110.5 | J71: -3.5776614 | K71: 182.8 | L71: -1.4023732
B72: 37469 | C72: 266.7 | D72: -2.3434639 | E72: 146.5 | F72: 0.8953168 | G72: 112.2 | H72: -2.7729636 | I72: 107.8 | J72: -2.4434389 | K72: 178.4 | L72: -2.4070022
B73: 37500 | C73: 264.5 | D73: -0.82489689 | E73: 145.2 | F73: -0.88737201 | G73: 108 | H73: -3.7433155 | I73: 102.6 | J73: -4.8237477 | K73: 174.1 | L73: -2.4103139
B74: 37530 | C74: 256.7 | D74: -2.9489603 | E74: 146.7 | F74: 1.0330579 | G74: 106.8 | H74: -1.1111111 | I74: 98.3 | J74: -4.1910331 | K74: 168.8 | L74: -3.0442275
B75: 37561 | C75: 257.1 | D75: 0.15582392 | E75: 147.3 | F75: 0.40899796 | G75: 108.8 | H75: 1.8726592 | I75: 102.2 | J75: 3.9674466 | K75: 171.3 | L75: 1.4810427
B76: 37591 | C76: 255.7 | D76: -0.5445352 | E76: 149.9 | F76: 1.7651052 | G76: 106 | H76: -2.5735294 | I76: 101.6 | J76: -0.58708415 | K76: 170 | L76: -0.75890251
B77: 2003
B78: 37622 | C78: 264.3 | D78: 2.8004667 | E78: 156.1 | F78: 4.1360907 | G78: 104 | H78: -4.4117647 | I78: 102.7 | J78: 0.48923679 | K78: 172.7 | L78: 0.81727963
B79: 37653 | C79: 250.9 | D79: -5.0699962 | E79: 152.6 | F79: -2.2421525 | G79: 98.6 | H79: -5.1923077 | I79: 97.7 | J79: -4.8685492 | K79: 164 | L79: -5.0376375
B80: 37681 | C80: 258.7 | D80: 3.1088083 | E80: 157.4 | F80: 3.1454784 | G80: 102.2 | H80: 3.6511156 | I80: 103.1 | J80: 5.5271238 | K80: 170.4 | L80: 3.902439
B81: 37712 | C81: 276 | D81: 6.6872826 | E81: 170.8 | F81: 8.5133418 | G81: 106.9 | H81: 4.5988258 | I81: 114.7 | J81: 11.251212 | K81: 183.2 | L81: 7.5117371
B82: 37742 | C82: 282.7 | D82: 2.4275362 | E82: 174.4 | F82: 2.1077283 | G82: 107.3 | H82: 0.37418148 | I82: 125.5 | J82: 9.4158675 | K82: 190.5 | L82: 3.9847162
B83: 37773 | C83: 301.9 | D83: 6.7916519 | E83: 171.3 | F83: -1.7775229 | G83: 108.8 | H83: 1.3979497 | I83: 133.3 | J83: 6.2151394 | K83: 200.9 | L83: 5.4593176
B84: 37803 | C84: 331.3 | D84: 9.7 | E84: 177.7 | F84: 3.7361354 | G84: 117.7 | H84: 8.2 | I84: 143 | J84: 7.3 | K84: 218.2 | L84: 8.6
B85: 37834 | C85: 355.4 | D85: 7.2743737 | E85: 192.8 | F85: 8.4974676 | G85: 118.7 | H85: 0.84961767 | I85: 145.6 | J85: 1.8181818 | K85: 227.9 | L85: 4.4454629
B86: 37865 | C86: 389.6 | D86: 9.62296 | E86: 214 | F86: 10.995851 | G86: 118 | H86: -0.58972199 | I86: 141 | J86: -3.1593407 | K86: 237.2 | L86: 4.0807372
B87: 37895 | C87: 374.8 | D87: -3.798768 | E87: 214 | F87: 0 | G87: 116.8 | H87: -1.0169492 | I87: 138.6 | J87: -1.7021277 | K87: 230.8 | L87: -2.698145
B88: 37926 | C88: 436 | D88: 16.328709 | E88: 211.5 | F88: -1.1682243 | G88: 121.3 | H88: 3.8527397 | I88: 146.9 | J88: 5.988456 | K88: 256.3 | L88: 11.048527
B89: 37956 | C89: 443.4 | D89: 1.6972477 | E89: 228.8 | F89: 8.179669 | G89: 126.7 | H89: 4.4517725 | I89: 148.2 | J89: 0.88495575 | K89: 261.5 | L89: 2.0288724
B90: 2004
B91: 37987 | C91: 4756.9 | D91: 7.3 | E91: 2499.4 | F91: 992.3951 | G91: 1389.4 | H91: 9.7 | I91: 1602 | J91: 8.1 | K91: 2821.9
B92: 38018 | C92: 4890.1 | D92: 2.800143 | E92: 2583.8 | F92: 3.3768104 | G92: 1402.6 | H92: 0.95005038 | I92: 1543.8 | J92: -3.6329588 | K92: 2846.5 | L92: 0.87175307
B93: 38047 | C93: 4658.8 | D93: -4.7299646 | E93: 2430.9 | F93: -5.9176407 | G93: 1372.8 | H93: -2.1246257 | I93: 1479.1 | J93: -4.1909574 | K93: 2727.8 | L93: -4.1700334
B94: 38078 | C94: 4543.4 | D94: -2.4770327 | E94: 2486.8 | F94: 2.2995598 | G94: 1307.7 | H94: -4.7421329 | I94: 1475.8 | J94: -0.22310865 | K94: 2666 | L94: -2.265562
B95: 38108 | C95: 4577.5 | D95: 0.75053924 | E95: 2479.4 | F95: -0.29757118 | G95: 1349.9 | H95: 3.2270398 | I95: 1527.5 | J95: 3.5031847 | K95: 2714.9 | L95: 1.8342086
B96: 38139 | C96: 4600.3 | D96: 0.49808848 | E96: 2519.5 | F96: 1.6173268 | G96: 1358 | H96: 0.60004445 | I96: 1682.4 | J96: 10.140753 | K96: 2794.8 | L96: 2.9430182
B97: 38169 | C97: 4796.6 | D97: 4.267113 | E97: 2833.6 | F97: 12.466759 | G97: 1418.1 | H97: 4.4256259 | I97: 1749.1 | J97: 3.9645744 | K97: 2915.7 | L97: 4.3258909
B98: 38200 | C98: 4817.4 | D98: 4.7192574 | E98: 2984.4 | F98: 5.3218521 | G98: 1386.3 | H98: 2.083947 | I98: 1721.9 | J98: 2.3478364 | K98: 2902 | L98: 3.8356949
B99: 38231 | C99: 5105.3 | D99: 5.9762528 | E99: 2804 | F99: -6.0447661 | G99: 1505.3 | H99: 8.5840006 | I99: 1792.5 | J99: 4.100122 | K99: 3068 | L99: 5.720193
B100: 38261 | C100: 5796.9 | D100: 13.546706 | E100: 3029.1 | F100: 8.0278174 | G100: 1637.4 | H100: 8.7756593 | I100: 1990 | J100: 11.018131 | K100: 3436 | L100: 11.994785
B101: 38292 | C101: 7116.3 | D101: 22.760441 | E101: 3325.6 | F101: 9.788386 | G101: 1876.6 | H101: 14.608526 | I101: 2309.4 | J101: 16.050251 | K101: 4106 | L101: 19.499418
B102: 38322 | C102: 7230.9 | D102: 1.6103874 | E102: 3726.9 | F102: 12.066995 | G102: 1874.4 | H102: -0.11723329 | I102: 2527 | J102: 9.4223608 | K102: 4245.6 | L102: 3.3999026
B103: 2005
B104: 38353 | C104: 8895.1 | D104: 23.015116 | E104: 4481.9 | F104: 20.258123 | G104: 2063.8 | H104: 10.104567 | I104: 2747.4 | J104: 8.7218045 | K104: 4976.6 | L104: 17.217826
B105: 38384 | C105: 8504.7 | D105: -4.3889332 | E105: 5002.2 | F105: 11.608916 | G105: 2378.9 | H105: 15.267952 | I105: 2888 | J105: 5.1175657 | K105: 5025.6 | L105: 0.98460797
B106: 38412 | C106: 9580.6 | D106: 12.650652 | E106: 5823.1 | F106: 16.410779 | G106: 2531.4 | H106: 6.4105259 | I106: 3032.8 | J106: 5.0138504 | K106: 5514.4 | L106: 9.7262018
B107: 38443 | C107: 12598.1 | D107: 31.49594 | E107: 6022 | F107: 3.4157064 | G107: 3243.8 | H107: 28.14253 | I107: 3125.7 | J107: 3.0631759 | K107: 6813.4 | L107: 23.556507
B108: 38473 | C108: 12062.7 | D108: -4.2498472 | E108: 6153.5 | F108: 2.1836599 | G108: 3366.9 | H108: 3.7949319 | I108: 3076.5 | J108: -1.5740474 | K108: 6657.4 | L108: -2.2896058
B109: 38504 | C109: 13494.4 | D109: 11.868819 | E109: 7125.5 | F109: 15.795889 | G109: 3801.5 | H109: 12.908016 | I109: 3228.5 | J109: 4.9406793 | K109: 7374.7 | L109: 10.774477
B110: 38534 | C110: 15941.8 | D110: 18.136412 | E110: 8038.1 | F110: 12.807522 | G110: 3526.8 | H110: -7.226095 | I110: 2995.7 | J110: -7.210779 | K110: 8007.9 | L110: 8.586112
...

Sheet 62a
B2: Financial Sector Statistics | E2: Table (62a) جدول | O2: إحصاءات القطاع المالي
C3: اربحية الشركات المساهمة العامة الاردنية وفقاً للقطاعات الاقتصادية * | P3: نسب مئوية
C4: Profitability of Jordanian public shareholding companies according to economic sectors * | P4: Percentages
C6: القطاع المالي Finacial Sector | H6: قطاع الخدمات Services Sector
D7: البنوك | E7: التأمين | F7: خدمات مالية متنوعة | G7: العقارات | I7: الخدمات الصحية | J7: التعليم | K7: الفنادق والسياحة | L7: النقل | M7: التكنولوجيا والاتصالات | N7: الاعلام | O7: الطاقة والمنافع | P7: الخدمات التجارية
D9: Banks | E9: Insurance | F9: Diversified Financial Services | G9: Real Estate | I9: Health Sector | J9: Educational Sector | K9: Hotel and Tourism | L9: Transportation | M9: Technology and Commun-ication | N9: Media | O9: Utilities and Energy | P9: Commercial Sector
B10: الفترة Period
B11: 2008 | C11: 7.9268792 | D11: 10.890968 | E11: 2.2 | F11: -3.4672311 | G11: 1.727141 | H11: 8.6221152 | I11: -0.91396497 | J11: 10.488282 | K11: 5.9023171 | L11: -5.4844865 | M11: 22.394979 | N11: 20.749538 | O11: 6.9221508 | P11: 5.2488643
B12: 2009 | C12: 3.1827037 | D12: 7.4665151 | E12: -0.6 | F12: -13.25436 | G12: -9.9866793 | H12: 8.8030372 | I12: -3.2746596 | J12: 11.913773 | K12: 3.8202875 | L12: 13.440598 | M12: 19.282038 | N12: 10.70155 | O12: 9.2058888 | P12: 0.22338776
B13: 2010 | C13: 3.5 | D13: 6.6308091 | E13: 2.7 | F13: -16.3 | G13: -2.9 | H13: 8.6 | I13: 2.6762463 | J13: 17.103778 | K13: 2.7759417 | L13: 5.0084709 | M13: 21.994006 | N13: 10.597037 | O13: 9.6 | P13: 0.5
B14: 2011 | C14: 4.3 | D14: 8.0047939 | E14: -1.9 | F14: -4.9 | G14: -17.9 | H14: 5.7 | I14: 1.8 | J14: 17.256039 | K14: 0.33089978 | L14: -32.6 | M14: 21.1 | N14: -2.7933175 | O14: 16.8 | P14: 4.6
B15: 2012 | C15: 6.5 | D15: 8.3161304 | E15: 1.8 | F15: -1.8 | G15: -2.4 | H15: 9.6 | I15: 8.5 | J15: 18.1 | K15: -0.1 | L15: 3.7 | M15: 20.3 | N15: -13 | O15: 16.8 | P15: 6.1
B16: 2013 | C16: 8.1 | D16: 9.6 | E16: 4.4 | F16: -1.2 | G16: 0.9 | H16: 5.3 | I16: 4.1 | J16: 17.6 | K16: 0 | L16: -24.3 | M16: 13.5 | N16: -12.9 | O16: 8.7 | P16: 8.7
B17: 2014 | C17: 7.5 | D17: 9 | E17: 8.8 | F17: -0.4 | G17: -4.2 | H17: 7.1 | I17: 4.1 | J17: 16.1 | K17: 2.3 | L17: -33.2 | M17: 11.1 | N17: -4.1 | O17: 15.2 | P17: 12.2
B18: 2015 | C18: 6.4 | D18: 7.5 | E18: 5.9 | F18: -0.1 | G18: -0.4 | H18: 8.7 | I18: 4.12 | J18: 13.8 | K18: 2.2 | L18: 11.9 | M18: 4.4 | N18: -4.06 | O18: 18.3 | P18: 12.17
B19: 2016 | C19: 7 | D19: 7.9 | E19: 7.4 | F19: -1.1 | G19: 2.7 | H19: 7 | I19: -2.6 | J19: 13.4 | K19: 2.5 | L19: 11.9 | M19: 6.6 | N19: -16.7 | O19: 15 | P19: 13.8
B20: 2017 | C20: 6.3 | D20: 7.4 | E20: -0.5 | F20: -0.5 | G20: 0.8 | H20: 7.3 | I20: -14 | J20: 11.4 | K20: 0.7 | L20: -8.1 | M20: 8 | N20: -17.6 | O20: 12.9 | P20: 15.8
B21: 2018 | C21: 8.8 | D21: 10.2 | E21: 4 | F21: -1.6 | G21: 0.79 | H21: 7 | I21: 1.87 | J21: 10.37 | K21: 0.63 | L21: -0.4 | M21: 7.48 | N21: -28.12 | O21: 14.29 | P21: 12.68
B22: 2019 | C22: 8.1 | D22: 9.4 | E22: 6.4 | F22: -1.2 | G22: -2.3 | H22: 7.9 | I22: 3.3 | J22: 9.5 | K22: 1.9 | L22: 6.4 | M22: 6.7 | N22: -61.9 | O22: 13.4 | P22: 12.5
B23: 2020 | C23: 2.5 | D23: 2.9 | E23: 7.6 | F23: -3.5 | G23: -2.4 | H23: -1 | I23: 1.4 | J23: 6.8 | K23: -10.3 | L23: -6.1 | M23: 6.2 | N23: N.A | O23: -0.9 | P23: 3.8
B24: 2021 | C24: 5.9 | D24: 6.6 | E24: 4.3 | F24: -0.8 | G24: 0.7 | H24: 7.8 | I24: 3 | J24: 6.7 | K24: -3.3 | L24: 1 | M24: 9.1 | N24: N.A | O24: 16.5 | P24: 5.9
B25: 2022(1) | C25: 7.8816427 | D25: 8.9 | E25: 4.4 | F25: 1.0460667 | G25: -0.86689457 | H25: 11.728633 | I25: -4.481129 | J25: 5.5386511 | K25: 1.134077 | L25: -105.9737 | M25: 14.189673 | N25: N.A | O25: 26.423399 | P25: 10.736276
B26: 2023(1) | C26: 8.7370509 | D26: 9.2062013 | E26: 8.8290264 | F26: -0.049490196 | G26: -2.4068192 | H26: 10.891764 | I26: -4.6360572 | J26: 6.3436496 | K26: 2.4199569 | L26: -0.16962767 | M26: 14.326328 | N26: N.A | O26: 19.064738 | P26: 7.3338965
B27: 2024(1) | C27: 9.917403 | D27: 10.952406 | E27: 5.5705992 | F27: 0.37930661 | G27: -0.61430921 | H27: 9.3922737 | I27: 3.8558131 | J27: 9.5632795 | K27: -0.6974609 | L27: -0.54144392 | M27: 13.124326 | N27: N.A | O27: 12.605518 | P27: 12.952331
B28: 2025(1) | C28: 10.184764 | D28: 10.820402 | E28: 9.3384708 | F28: 3.9185671 | G28: 0.3397657 | H28: 10.625167 | I28: 5.7070968 | J28: 12.98457 | K28: 0.44111878 | L28: 11.015982 | M28: 13.136263 | N28: N.A | O28: 13.001937 | P28: 11.264458
B30: المصدر : بورصة عمان. | O30: Source : Amman Stock Exchange.
B31: ملاحظة : ابتداءً من عام 2023، تم احتساب النسب من قبل البنك المركزي استناداً إلى بيانات دليل الشركات المنشورة على الموقع الالكتروني لبورصة عمان. | P31: Note : Since 2023,the percentages were calculated by the Central Bank based on the Companies'Guide data published on the Amman Stock Exchange website.
B32: (1) : أوليـــــة. | O32: (1) : Preliminary.
B33: * : تمثل اربحية الشركات العائد على حقوق المساهمين ( صافي الربح بعد الضرائب / حقوق المساهمين) . | P33: * : Profitability of Companies Represents Return on Equity (Net Income After Taxes/Total Shareholders Equity).

Sheet 62b
B2: Financial Sector Statistics | E2: Table (62b) جدول | N2: إحصاءات القطاع المالي
C3: اربحية الشركات المساهمة العامة الاردنية وفقاً للقطاعات الاقتصادية * | O3: نسب مئوية
C4: Profitability of Jordanian Public Shareholding Companies according to economic sectors * | O4: Percentages
D6: قطاع الصناعة Industrial Sector | O6: جميع القطاعات
D7: الادوية والصناعات الطبية | E7: الصناعات الكيماوية | F7: صناعات الورق والكرتون | G7: الطباعة والتغليف | H7: الاغذية والمشروبات | I7: التبغ والسجائر | J7: الصناعات الاستخراجية والتعدينية | K7: الصناعات الهندسية والانشائية | L7: الصناعات الكهربائية | M7: الملابس والجلود والنسيج | N7: الصناعات الزجاجية والخزفية
D9: Pharmaceutical and Medical Industries | E9: Chemical Industries | F9: Paper and Cartoon Industries | G9: Printing and Packaging | H9: Food and Beverages | I9: Tobacco and Cigarettes | J9: Mining and Extraction Industries | K9: Engineering and Construction | L9: Electrical Industries | M9: Textile, Leather and Clothings | N9: Glass and Ceramic Industries | O9: All Sectors
B10: الفترة Period
B11: 2008 | C11: 24.735158 | D11: 2.2262675 | E11: -8.7035696 | F11: 3.8 | G11: 10.245408 | H11: 1.4610374 | I11: 16.2 | J11: 42.767846 | K11: 1.1863084 | L11: -2.544854 | M11: -1.6838968 | N11: -3.5728946 | O11: 11.045383
B12: 2009 | C12: 10.690392 | D12: 6.3891955 | E12: 2.2743845 | F12: -12.3 | G12: 5.169935 | H12: 2.7809108 | I12: 14.4 | J12: 17.922964 | K12: -3.7161611 | L12: -8.7883421 | M12: 0.43787586 | N12: -12.234215 | O12: 5.4323146
B13: 2010 | C13: 9.5 | D13: 8.9629013 | E13: 2.7070375 | F13: -32.4 | G13: 6.8 | H13: 3.1066474 | I13: 22.6 | J13: 14.966502 | K13: -4.4401629 | L13: -19.2 | M13: 3.7956913 | N13: -15.97779 | O13: 5.4
B14: 2011 | C14: 20.1 | D14: -6.9 | E14: 3.9 | F14: -2.2 | G14: 4.3 | H14: -4.6 | I14: 23 | J14: 27.9 | K14: -1.4 | L14: -16.5 | M14: 5.5 | N14: -30.19321 | O14: 7.7
B15: 2012 | C15: 12.2 | D15: -5.2 | E15: 4.6 | F15: -11.2 | G15: 4.8 | H15: 2 | I15: 25.5 | J15: 15.6 | K15: -0.4 | L15: -11.9 | M15: 5.9 | N15: -30.5 | O15: 8.1
B16: 2013 | C16: 5.8 | D16: 4 | E16: 5.4 | F16: -19.2 | G16: 5.2 | H16: 5.8 | I16: 28.7 | J16: 5.9 | K16: 2.7 | L16: -8 | M16: 4.2 | N16: -178 | O16: 7.3
B17: 2014 | C17: 6.8 | D17: 0.9 | E17: 3 | F17: -1.8 | G17: 5.6 | H17: 9.6 | I17: 26 | J17: 6.9 | K17: 3.4 | L17: -8.3 | M17: 3.5 | N17: -48.6 | O17: 7.3
B18: 2015 | C18: 7.7 | D18: -6.3 | E18: -0.6 | F18: -27.4 | G18: 6.9 | H18: 8 | I18: 29.5 | J18: 9.3 | K18: -0.8 | L18: -36 | M18: 2.1 | N18: N.A | O18: 7
B19: 2016 | C19: 1.1 | D19: -2.5 | E19: 4.2 | F19: -2.6 | G19: 11.9 | H19: -0.4 | I19: 32 | J19: -0.7 | K19: 5.6 | L19: -3.7 | M19: 2.6 | N19: N.A | O19: 5.9
B20: 2017 | C20: 2.4 | D20: -6.1 | E20: 0.1 | F20: N.A | G20: 12.2 | H20: 4.9 | I20: 36.3 | J20: 0.5 | K20: 1.1 | L20: -1.8 | M20: 0.3 | N20: N.A | O20: 5.8
B21: 2018 | C21: 6.9 | D21: -8.2 | E21: -0.9 | F21: 28.3 | G21: 1.14 | H21: 1.4 | I21: 28.68 | J21: 7.68 | K21: -4.28 | L21: -6.8 | M21: 0.42 | N21: N.A | O21: 8.2
B22: 2019 | C22: 5.5 | D22: -14.2 | E22: 4.3 | F22: N.A | G22: N.A | H22: 3.6 | I22: 19.9 | J22: 6.5 | K22: -13.5 | L22: -6 | M22: 5.5 | N22: N.A | O22: 7.6
B23: 2020 | C23: 5.9 | D23: 17.9 | E23: -3.4 | F23: N.A | G23: N.A | H23: 0.7 | I23: -96 | J23: 9.5 | K23: -28.8 | L23: -3.9 | M23: 2.7 | N23: N.A | O23: 2.6
B24: 2021 | C24: 21.7 | D24: 6.2 | E24: 7.1 | F24: N.A | G24: N.A | H24: 9 | I24: -5034.1 | J24: 26.4 | K24: -8 | L24: -2.6 | M24: 2.7 | N24: N.A | O24: 9
B25: 2022(1) | C25: 36.496475 | D25: 6.1948769 | E25: 6.1213201 | F25: N.A | G25: N.A | H25: 7.171695 | I25: 96.157489 | J25: 41.377041 | K25: -4.2225308 | L25: -2.2810841 | M25: 3.6716549 | N25: N.A | O25: 14.613131
B26: 2023(1) | C26: 18.905754 | D26: 1.4366116 | E26: 0.81022004 | F26: N.A | G26: N.A | H26: 8.1649613 | I26: -34.2446 | J26: 21.402913 | K26: 3.1743209 | L26: -0.83722739 | M26: 3.3248074 | N26: N.A | O26: 11.298995
B27: 2024(1) | C27: 16.44473 | D27: 7.4124686 | E27: 8.7627751 | F27: N.A | G27: N.A | H27: 4.6797714 | I27: N.A | J27: 18.217093 | K27: 2.8176593 | L27: -0.93498888 | M27: 3.8770728 | N27: N.A | O27: 11.282313
B28: 2025(1) | C28: 17.303725 | D28: 9.1373006 | E28: 9.335082 | F28: N.A | G28: N.A | H28: 0.35662347 | I28: N.A | J28: 19.266626 | K28: 3.204015 | L28: 1.2724886 | M28: 4.4559551 | N28: N.A | O28: 11.818301
B30: المصدر : بورصة عمان. | O30: Source : Amman Stock Exchange.
B31: ملاحظة : ابتداءً من عام 2023، تم احتساب النسب من قبل البنك المركزي استناداً إلى بيانات دليل الشركات المنشورة على الموقع الالكتروني لبورصة عمان. | O31: Note : Since 2023,the percentages were calculated by the Central Bank based on the Companies'Guide data published on the Amman Stock Exchange website.
B32: (1) : أوليـــــة. | O32: (1) : Preliminary.
B33: * : تمثل اربحية الشركات العائد على حقوق المساهمين ( صافي الربح بعد الضرائب / حقوق المساهمين) . | O33: * : Profitability of Companies Represents Return on Equity (Net Income After Taxes/Total Shareholders Equity).
